Workbook
Name ___nit1: #REF!
Name ___nit1: #REF!
Name ___nit1: #REF!
Name __nit1: #REF!
Name __nit1: #REF!
Name _nit1: #REF!
Name _nit1: #REF!
Name A_impresión_IM: #REF!
Name A_impresión_IM: #REF!
Name aaa: MATCH(0.01,'Plan de Continuidad'!End_Bal,-1)+1
Name aaa: MATCH(0.01,End_Bal,-1)+1
Name aaa: MATCH(0.01,End_Bal,-1)+1
Name aaa: MATCH(0.01,End_Bal,-1)+1
Name agencias: [1]Listas!$U$2:$U$10
Name avvillas: #REF!
Name avvillas: #REF!
Name BANCOS: [2]BANCOS!$A$2:$A$25
Name Beg_Bal: #REF!
Name Beg_Bal: #REF!
Name cartera: #REF!
Name cartera: #REF!
Name clientes: #REF!
Name clientes: #REF!
Name Data: #REF!
Name Data: #REF!
Name depositos: #REF!
Name depositos: #REF!
Name DINERS: #REF!
Name DINERS: #REF!
Name End_Bal: #REF!
Name End_Bal: #REF!
Name Extra_Pay: #REF!
Name Extra_Pay: #REF!
Name FECHA: #REF!
Name FECHA: #REF!
Name Full_Print: #REF!
Name Full_Print: #REF!
Name Header_Row: ROW(#REF!)
Name Int: #REF!
Name Int: #REF!
Name Interest_Rate: #REF!
Name Interest_Rate: #REF!
Name ITEM: #REF!
Name ITEM: #REF!
Name Last_Row: IF([3]COOADAMS!Values_Entered,Header_Row+[3]COOADAMS!Number_of_Payments,Header_Row)
Name Last_Row: IF([3]COOADAMS!Values_Entered,Header_Row+[3]COOADAMS!Number_of_Payments,Header_Row)
Name Last_Row: IF([3]COOADAMS!Values_Entered,Header_Row+[3]COOADAMS!Number_of_Payments,Header_Row)
Name Last_Row: IF([3]COOADAMS!Values_Entered,Header_Row+[3]COOADAMS!Number_of_Payments,Header_Row)
Name Loan_Amount: #REF!
Name Loan_Amount: #REF!
Name Loan_Start: #REF!
Name Loan_Start: #REF!
Name Loan_Years: #REF!
Name Loan_Years: #REF!
Name MONITOR: #REF!
Name MONITOR: #REF!
Name MONITOR_AVVILLAS: #REF!
Name MONITOR_AVVILLAS: #REF!
Name Net_Income: #REF!
Name Net_Income: #REF!

Sheet alcance
A1: CONTENIDO SARO | B1: FACTORES | C1: CLASIFICACION
A2: Politicas | B2: Recurso Humano | C2: Fraude interno
A3: Objetivos | B3: Procesos | C3: Fraude Externo
A4: Procedimientos | B4: Tecnologia | C4: Relaciones Laborales
A5: Documentacion | B5: Infraestructura | C5: Clientes
A6: Estructura | B6: Externos | C6: Daños en Activos Fisicos
A7: Registro | C7: Fallas Tecnologicas
A8: Organos de control | C8: Ejecución y Administración de procesos
A9: Plataforma tecnologica
A10: Divulgacion
A11: Capacitacion
A12: Plan de Contingencia
A13: Manual de Riesgo Operativo

Sheet RIESGO INHERENTE 
A1: FACTORES DE RIESGO | B1: CASIFICACIÓN | C1: IDENTIFICACION DEL RIESGO | E1: EVALUACION DEL RIESGO INHERENTE | H1: EVALUACION DE LOS CONTROLES EXISTENTES | M1: RIESGO RESIDUAL | P1: TRATAMIENTO DEL RIESGO | S1: SEGUIMIENTO
B2: Código (FI: Fraude Interno, FE: Fraude Externo, RL: Relaciones Laborales, C: Clientes, DAF: Daños a Activos Físicos, FT: Fallas Tecnológicas, EAP: Ejecución y Administración de Procesos) | C2: Que puede suceder | D2: Por qué puede suceder | E2: Probabilidad (Improbable: 1, Raro: 2, Potencial: 3, Probable: 4, Casi Certeza: 5) | F2: Impacto: Insignificante: 1 Menor: 2 Moderado: 3 Mayor: 4 Catastrófico: 5 | G2: RIESGO INHERENTE | H2: Descripción del Control Existente | I2: Responsable de la ejecución del Control | J2: Frecuencia de la aplicación del Control (permanente, periódica, esporádica, anual, única) | K2: Tipo de Control (Detectivo / Preventivo) | L2: Efectividad (Alta, Media, Baja) | M2: Reducción de la Probabilidad (1, 2, 3, 4, 5) donde 1 casi no la reduce y 5 la reduce al maximo | N2: Reducción del Impacto (1, 2, 3, 4, 5) donde 1 casi no reduce el impacto y 5 lo reduce al máximo | O2: RIESGO RESIDUAL | P2: Descripcion del Control Requerido | Q2: Responsable del Diseño e implementación | R2: Prioridad (Alta, Media, Baja) | S2: Responsable del Seguimiento | T2: Fecha de Seguimiento | U2: Estado de implementación (Planeación, Diseño, Prueba, Implementación, Funcionamiento)
A3: Recurso Humano RH | B3: RL: Relaciones Laborales | C3: 1. Accidentes Laborales | D3: 1.1 Accidentes de tránsito por descuido del colaborador o de terceros cuando están por fuera los comerciales haciendo sus rutas, | E3: 1 | F3: 3 | G3: =VLOOKUP(E3*F3,'riesgo inherente-Anexo '!C4:D28,2,TRUE) -> Bajo | H3: Capacitacion empleados sobre conducción a la defensiva | I3: Secretaria de Gerencia | J3: Permanente | K3: Preventivo | L3: Media | M3: 3 | N3: 1 | O3: =VLOOKUP((E3*F3)-(M3*N3),'riesgo inherente-Anexo '!C2:D28,2,TRUE) -> Bajo | P3: Cada empleado de la entidad debe tener otro empleado que conoce el cargo o está entrenado para reemplazarlo / Supernumerario | Q3: Asistente de Gerencia | R3: Baja | S3: Asistente de Gerencia | T3: 43800 | U3: Implementación
D4: 1.2 Caídas por pisos húmedos y zapatos inadecuados, escalera | E4: 1 | F4: 1 | G4: =VLOOKUP(E4*F4,'riesgo inherente-Anexo '!C4:D28,2,TRUE) -> Bajo | H4: Instalación de antideslizantes en el anden y pasillo principal del area de atención al público / Camilla, inmovilizador / Capacitación Primeros Auxilios con Bomberos / ARL / SGSST | I4: Secretaria de Gerencia | J4: Permanente | K4: Preventivo | L4: Alta | M4: 1 | N4: 1 | O4: =VLOOKUP((E4*F4)-(M4*N4),'riesgo inherente-Anexo '!C2:D28,2,TRUE) -> Bajo | P4: Capacitación al personal con BOMBEROS y Asesor en SGSST | Q4: Asistente de Gerencia | R4: Alta | S4: Asistente de Gerencia | T4: 43800 | U4: Implementación
D5: 1.3 Manejo de herramientas cortopunzantes (legajadores y ganchos, papel, bisturí) | E5: 1 | F5: 1 | G5: =VLOOKUP(E5*F5,'riesgo inherente-Anexo '!C4:D28,2,TRUE) -> Bajo | H5: No existen, los trabajadores no realizan operaciones que revistan gran peligrosidad en esta materia | I5: Secretaria de Gerencia | J5: Permanente | K5: Preventivo | L5: Media | M5: 1 | N5: 1 | O5: =VLOOKUP((E5*F5)-(M5*N5),'riesgo inherente-Anexo '!C2:D28,2,TRUE) -> Bajo | P5: Ninguno | Q5: Asistente de Gerencia | R5: Baja | S5: Asistente de Gerencia | T5: 43800 | U5: Implementación
B6: RL: Relaciones Laborales | C6: 2. Incapacidad por Enfermedades Generales | D6: Virosis | E6: 1 | F6: 1 | G6: =VLOOKUP(E6*F6,'riesgo inherente-Anexo '!C4:D28,2,TRUE) -> Bajo | H6: Afiliación al sistema general de salud en Colombia | I6: Secretaria de Gerencia | J6: Anual | K6: Preventivo | L6: Baja | M6: 1 | N6: 1 | O6: =VLOOKUP((E6*F6)-(M6*N6),'riesgo inherente-Anexo '!C2:D28,2,TRUE) -> Bajo | P6: Campaña de vacunación | Q6: Asistente de Gerencia | R6: Alta | S6: Asistente de Gerencia | T6: 43800 | U6: Implementación
B7: RL: Relaciones Laborales | C7: 3. Enfermedades Laborales | D7: Estrés, mala postura, iluminación inadecuada, movimientos repetitivos, tunel carpiano | E7: 1 | F7: 1 | G7: =VLOOKUP(E7*F7,'riesgo inherente-Anexo '!C4:D28,2,TRUE) -> Bajo | H7: Pausas activas, capacitación en Seguridad y Salud en el Trabajo, examen de salud ocupacional | I7: Secretaria de Gerencia | J7: Periódico | K7: Preventivo | L7: Alta | M7: 1 | N7: 1 | O7: =VLOOKUP((E7*F7)-(M7*N7),'riesgo inherente-Anexo '!C2:D28,2,TRUE) -> Bajo | P7: Subsidio parcial plan de medicina prepagada | Q7: Asistente de Gerencia | R7: Baja | S7: Asistente de Gerencia | T7: 43800 | U7: Implementación
B8: EAP: Ejecución y Administración de Procesos | C8: 4. Selección de personal inadecuado | D8: Por no cumplir con el protocolo establecido para selección de personal. | E8: 1 | F8: 1 | G8: =VLOOKUP(E8*F8,'riesgo inherente-Anexo '!C4:D28,2,TRUE) -> Bajo | H8: Se tiene procedimiento establecido para la contratación de personal / Prueba psicológica con empresa externa / Entrevista y Prueba técnica realizada por la administración / Verificación de referencias | I8: Gerencia | J8: Esporádico | K8: Preventivo | L8: Alta | M8: 1 | N8: 1 | O8: =VLOOKUP((E8*F8)-(M8*N8),'riesgo inherente-Anexo '!C2:D28,2,TRUE) -> Bajo | P8: Ninguno | Q8: Gerencia | R8: Baja | S8: Asistente de Gerencia | T8: 43800 | U8: Implementación
B9: EAP: Ejecución y Administración de Procesos | C9: 5. Desactualización | D9: Olvido del funcionario encargado de mantenerse actualizado en el area de conocimiento que le aplica a su puesto de trabajo | E9: 1 | F9: 1 | G9: =VLOOKUP(E9*F9,'riesgo inherente-Anexo '!C4:D28,2,TRUE) -> Bajo | H9: Capacitación anual en SARLAFT / Asistencia a Diplomados y seminarios de coyuntura del personal CLAVE: Contador, Gerente, Riesgos / capacitaciones para mejorar competencias del personal en temas relacionados con motivación, servicio al cliente etc. / Profesionalización de Directivos y Empleados | I9: Gerencia | J9: Periódico | K9: Preventivo | L9: Alta | M9: 1 | N9: 1 | O9: =VLOOKUP((E9*F9)-(M9*N9),'riesgo inherente-Anexo '!C2:D28,2,TRUE) -> Bajo | P9: No se requiere | Q9: Asistente de Gerencia | R9: Alta | S9: Asistente de Gerencia | T9: 43800 | U9: Implementación
B10: RL: Relaciones Laborales | C10: 6. Mal clima laboral | D10: Por intrigas, chismes, mala comunicación, presión laboral y estrés. | E10: 1 | F10: 1 | G10: =VLOOKUP(E10*F10,'riesgo inherente-Anexo '!C4:D28,2,TRUE) -> Bajo | H10: No existe | I10: Secretaria de Gerencia | J10: Anual | K10: Preventivo | L10: Alta | M10: 1 | N10: 1 | O10: =VLOOKUP((E10*F10)-(M10*N10),'riesgo inherente-Anexo '!C2:D28,2,TRUE) -> Bajo | P10: Taller individual diagnostico y plan de crecimiento personal | Q10: Asistente de Gerencia | R10: Baja | S10: Asistente de Gerencia | T10: 43800 | U10: Implementación
B11: FI: Fraude Interno | C11: 7. Robo o Fraude interno (sustracción de chequeras, robo de dinero, titulos valores, alteración de registros) | D11: Por falta de controles de acceso al área de Tesorería, falta de seguridad en el sitio dónde se guarden títulos valores. | E11: 1 | F11: 1 | G11: =VLOOKUP(E11*F11,'riesgo inherente-Anexo '!C4:D28,2,TRUE) -> Bajo | H11: Manejo de caja fuerte con camara y clave a cargo del Tesorero, camara de video en el área de Tesorería / Sistema de Alarmas para ingreso y salida de personal / Arqueo diario de Tesorero y Arqueo mensual sorpresivo al Tesorero / Inversiones en titulos desmaterializados y FIC | I11: Asistente de Gerencia | J11: Permanente | K11: Detectivo | L11: Alta | M11: 1 | N11: 1 | O11: =VLOOKUP((E11*F11)-(M11*N11),'riesgo inherente-Anexo '!C2:D28,2,TRUE) -> Bajo | P11: No se requiere | Q11: Gerencia | R11: Alta | S11: Asistente de Gerencia | T11: 43800 | U11: Implementación
B12: EAP: Ejecución y Administración de Procesos | C12: 8. Fuga de Conocimiento o capital humano clave con experiencia y formación | D12: Salarios que no compensan con el perfil de cargo y las responsabilidades, faltas de incentivos a los colaboradores y trato inadecuado, cargas laborales muy pesadas | E12: 1 | F12: 1 | G12: =VLOOKUP(E12*F12,'riesgo inherente-Anexo '!C4:D28,2,TRUE) -> Bajo | H12: Manuales de funciones y procedimientos | I12: Gerencia y Bienestar Social | J12: Esporádico | K12: Preventivo | L12: Media | M12: 1 | N12: 1 | O12: =VLOOKUP((E12*F12)-(M12*N12),'riesgo inherente-Anexo '!C2:D28,2,TRUE) -> Bajo | P12: Actualización de manuales de funciones y procedimientos | Q12: Gerencia | R12: Baja | S12: Asistente de Gerencia | T12: 43800 | U12: Implementación
B13: EAP: Ejecución y Administración de Procesos | C13: 9. Disminución de la Productividad | D13: Mal clima laboral, mala remuneración, sobrecarga laboral | E13: 1 | F13: 1 | G13: =VLOOKUP(E13*F13,'riesgo inherente-Anexo '!C4:D28,2,TRUE) -> Bajo | H13: Salarios fijos y capacitaciones motivacionales | I13: Gerencia | J13: Permanente | K13: Preventivo | L13: Alta | M13: 1 | N13: 1 | O13: =VLOOKUP((E13*F13)-(M13*N13),'riesgo inherente-Anexo '!C2:D28,2,TRUE) -> Bajo | P13: No se requiere | Q13: Asistente de Gerencia | R13: Baja | S13: Asistente de Gerencia | T13: 43800 | U13: Implementación
B14: RL: Relaciones Laborales | C14: 10. Demandas laborales | D14: Por incumplimiento de la normatividad laboral vigente. | E14: 1 | F14: 1 | G14: =VLOOKUP(E14*F14,'riesgo inherente-Anexo '!C4:D28,2,TRUE) -> Bajo | H14: Baja rotación de personal / los retiros han sido renuncias voluntarias | I14: Gerencia | J14: Esporádico | K14: Preventivo | L14: Alta | M14: 1 | N14: 1 | O14: =VLOOKUP((E14*F14)-(M14*N14),'riesgo inherente-Anexo '!C2:D28,2,TRUE) -> Bajo | P14: Asesoramiento legal en caso de terminación con justa causa / "Conciliación" laboral ante ministerio de trabajo por terminación potencialmente litigiosa | Q14: Gerencia | R14: Media | S14: Asistente de Gerencia | T14: 43800 | U14: Implementación
B15: RL: Relaciones Laborales | C15: 11. Concentración de funciones | D15: Por poco personal, por bajo presupuesto, por falta de una adecuada política y revisión de distribución de funciones de acuerdo al crecimiento de la entidad | E15: 1 | F15: 1 | G15: =VLOOKUP(E15*F15,'riesgo inherente-Anexo '!C4:D28,2,TRUE) -> Bajo | H15: Manuales de funciones y procedimientos | I15: Gerencia | J15: Esporádico | K15: Detectivo | L15: Alta | M15: 1 | N15: 1 | O15: =VLOOKUP((E15*F15)-(M15*N15),'riesgo inherente-Anexo '!C2:D28,2,TRUE) -> Bajo | P15: Independizar el Area de Gestión de Riesgos de las labores operativas | Q15: Gerencia y Consejo | R15: Media | S15: Asistente de Gerencia | T15: 43800 | U15: Implementación
B16: EAP: Ejecución y Administración de Procesos | C16: 12. Acoso Sexual o laboral | D16: Por abuso de poder por parte de directivos | E16: 1 | F16: 1 | G16: =VLOOKUP(E16*F16,'riesgo inherente-Anexo '!C4:D28,2,TRUE) -> Bajo | H16: Contar con un canal de comunicación eficaz que le permita a todo el personal tener la posibilidad y la confianza para denunciar cualquier abuso o acoso / Capacitación anual sobre acoso laboral y sexual | I16: Gerencia | J16: Anual | K16: Preventivo | L16: Alta | M16: 1 | N16: 1 | O16: =VLOOKUP((E16*F16)-(M16*N16),'riesgo inherente-Anexo '!C2:D28,2,TRUE) -> Bajo | P16: No se requiere | Q16: Gerencia | R16: Media | S16: Asistente de Gerencia | T16: 43800 | U16: Implementación
A17: Procesos | B17: EAP: Ejecución y Administración de Procesos | C17: 1. No se ejecutan las politicas contenidas en los reglamentos | D17: El personal no está capacitado totalmente en el conocimiento de manuales y políticas internas, las personas encargadas de dar la capacitación no tienen experienca o tienen muy poco conocimientos de los cargos y funciones de los mismos, inexperiencia, conflictos de interés o favorecimiento de terceros | E17: 1 | F17: 1 | G17: =VLOOKUP(E17*F17,'riesgo inherente-Anexo '!C4:D28,2,TRUE) -> Bajo | H17: Las políticas de captación y colocación así como las condiciones de los productos se fijan por el Consejo de Admón (Junta Directiva)de Administración y la Gerencia y los empleados deben aplicarlas sin interpretación o modificación / Entrenamiento al momento de la vinculación / Acceso a los manuales de funciones y procedimientos / parametrización del sistema que no puede ser manipulada por los empleados / Revisoría Fiscal | I17: Consejo, Gerencia, Riesgos | J17: Permanente | K17: Preventivo | L17: Alta | M17: 1 | N17: 1 | O17: =VLOOKUP((E17*F17)-(M17*N17),'riesgo inherente-Anexo '!C2:D28,2,TRUE) -> Bajo | P17: No se requiere | Q17: Asistente de Gerencia | R17: Media | S17: Asistente de Gerencia | T17: 43800 | U17: Implementación
B18: EAP: Ejecución y Administración de Procesos | C18: 2. Conflicto de intereses en la prestacion de servicios o contratación | D18: Por la no aplicación de las políticas existentes o desconocimiento de las mismas o porque las políticas actuales permiten que se presenten estos casos, por presión del Consejo de Admón (Junta Directiva)de Administración. | E18: 1 | F18: 1 | G18: =VLOOKUP(E18*F18,'riesgo inherente-Anexo '!C4:D28,2,TRUE) -> Bajo | H18: Revisión de los reglamentos y políticas actuales con respecto de la normatividad vigente / Consejo de Admón (Junta Directiva)de Administración solo evalúa excepciones / La entidad cuenta con código de buen Gobierno para el manejo de los conflictos de interés / La entidad tiene un comité de crédito plural e independiente del Consejo de Admón (Junta Directiva)compuesto por asociados sin voto de los empleados | I18: Gerencia | J18: Permanente | K18: Preventivo | L18: Alta | M18: 1 | N18: 1 | O18: Bajo | P18: No se requiere | Q18: Gerencia | R18: Alta | S18: Asistente de Gerencia | T18: 43800 | U18: Implementación
B19: EAP: Ejecución y Administración de Procesos | C19: 3. Errores en la contabilización o registro de las operaciones | D19: Falta de capacitación del personal y experiencia, sobrecarga laboral, | E19: 1 | F19: 1 | G19: =VLOOKUP(E19*F19,'riesgo inherente-Anexo '!C4:D28,2,TRUE) -> Bajo | H19: Selección de personal con experiencia, revisión de manuales de funciones y procesos, revisión de las operaciones y conciliaciones, estados financieros por parte de Contabilidad y la Revisoría Fiscal / Automatización de procesos críticos de causación y registro contable que reducen los errores | I19: Contabilidad | J19: Periódico | K19: Detectivo | L19: Alta | M19: 1 | N19: 1 | O19: =VLOOKUP((E19*F19)-(M19*N19),'riesgo inherente-Anexo '!C2:D28,2,TRUE) -> Bajo | P19: No se requiere | Q19: Contabilidad | R19: Media | S19: Asistente de Gerencia | T19: 43800 | U19: Implementación
B20: EAP: Ejecución y Administración de Procesos | C20: 4. Fallas en el diligenciamiento de la documentación o titulos valores | D20: Falta de capacitación del personal y experiencia, sobrecarga laboral, / Títulos valores sin el lleno de los requisitos legales en su contenido | E20: 1 | F20: 1 | G20: =VLOOKUP(E20*F20,'riesgo inherente-Anexo '!C4:D28,2,TRUE) -> Bajo | H20: Selección de personal con experiencia, revisión de manuales de funciones y procesos, revisión de las operaciones por parte de Contabilidad y la Revisoría Fiscal / Revisión de documentación y actualización de formatos y pagarés por Abogados Especializados | I20: Contabilidad | J20: Permanente | K20: Detectivo | L20: Alta | M20: 1 | N20: 1 | O20: =VLOOKUP((E20*F20)-(M20*N20),'riesgo inherente-Anexo '!C2:D28,2,TRUE) -> Bajo | P20: Capacitación Formal en diligenciamiento de títulos valores | Q20: Contabilidad | R20: Media | S20: Asistente de Gerencia | T20: 43800 | U20: Implementación
B21: EAP: Ejecución y Administración de Procesos | C21: 5. Desconocimiento de los empleados respecto a sus funciones, roles y responsabilidades | D21: Falta de divulgación de manuales de funciones | E21: 1 | F21: 2 | G21: =VLOOKUP(E21*F21,'riesgo inherente-Anexo '!C4:D28,2,TRUE) -> Bajo | H21: Empleados con buen nivel de formación y experiencia, baja rotación, Actualización, difusión de manuales de funciones y procesos / Promociones de cargos vacantes con personal de la entidad que cumple el perfil para ser ascendido / Se cuenta con Supernumerario para reemplazos en vacaciones | I21: Gerencia | J21: Periódico | K21: Preventivo | L21: Alta | M21: 1 | N21: 1 | O21: =VLOOKUP((E21*F21)-(M21*N21),'riesgo inherente-Anexo '!C2:D28,2,TRUE) -> Bajo | P21: Capacitación, actualización y reentrenamiento | Q21: Gerencia | R21: Media | S21: Asistente de Gerencia | T21: 43800 | U21: Implementación
B22: EAP: Ejecución y Administración de Procesos | C22: 6. Falta de documentación de los procesos | D22: Inexistencia de manuales de funciones y procesos y formatos | E22: 1 | F22: 1 | G22: =VLOOKUP(E22*F22,'riesgo inherente-Anexo '!C4:D28,2,TRUE) -> Bajo | H22: Actualización, difusión de manuales de funciones y procesos | I22: Gerencia | J22: Periódico | K22: Preventivo | L22: Alta | M22: 1 | N22: 1 | O22: =VLOOKUP((E22*F22)-(M22*N22),'riesgo inherente-Anexo '!C2:D28,2,TRUE) -> Bajo | P22: Actualización de manuales de funciones y procedimientos de acuerdo a los ajustes que requiere el nuevo software | Q22: Gerencia | R22: Media | S22: Asistente de Gerencia | T22: 43800 | U22: Implementación
B23: DAF: Daños Activos Físicos | C23: 7. Pérdida o destrucción accidental de documentación de servicios o contable, o expedientes de asociados o pagarés | D23: Por no tener un procedimiento para el manejo de recibo y entrega de documentos de servicios o contables | E23: 1 | F23: 1 | G23: =VLOOKUP(E23*F23,'riesgo inherente-Anexo '!C4:D28,2,TRUE) -> Bajo | H23: Se manejan consecutivos para cada tipo de formatos y un control de los mismos por cada responsable de los procesos / Pagarés de la Cartera en la Bóveda | I23: Gerencia | J23: Permanente | K23: Detectivo | L23: Alta | M23: 1 | N23: 1 | O23: =VLOOKUP((E23*F23)-(M23*N23),'riesgo inherente-Anexo '!C2:D28,2,TRUE) -> Bajo | P23: Digitalización de documentación contable con SOFTWARE especializado / Pagaré Desmaterializado DECEVAL | Q23: Gerencia | R23: Alta | S23: Asistente de Gerencia | T23: 43800 | U23: Implementación
B24: EAP: Ejecución y Administración de Procesos | C24: 10. Mal funcionamiento de comités de riesgo | D24: Por falta de capacitación y desconocimiento de la norma o no cumplimiento del perfil por sus integrantes | E24: 1 | F24: 1 | G24: =VLOOKUP(E24*F24,'riesgo inherente-Anexo '!C4:D28,2,TRUE) -> Bajo | H24: Implementación de sistema integral de administración de riesgos (SIAR) / Comités integrados por Empleado de Riesgos con capacitación y experiencia + Directivos y Asociados | I24: Gerencia | J24: Periódico | K24: Preventivo | L24: Alta | M24: 1 | N24: 1 | O24: =VLOOKUP((E24*F24)-(M24*N24),'riesgo inherente-Anexo '!C2:D28,2,TRUE) -> Bajo | P24: Capacitación a integrantes de Comités / Evaluacion implementación software especializado en riesgos para el sector solidario | Q24: Gerencia | R24: Alta | S24: Asistente de Gerencia | T24: 43800 | U24: Implementación
B25: EAP: Ejecución y Administración de Procesos | C25: 11. Pérdida de imagen pública por difusión de información falsa, engañosa, incompleta o malintencionada | D25: Escandalos mediaticos relacionados con noticias sobre otras Cooperativas - Contagio / Comentarios mal intencionados de asociados o terceros que quieren dañar la credibilidad en la entidad o sus directivos para hacerse con el poder / Relacionamiento de la entidad o sus directivos con entidades vinculadas a lavado de activos o con la clase política | E25: 1 | F25: 1 | G25: =VLOOKUP(E25*F25,'riesgo inherente-Anexo '!C4:D28,2,TRUE) -> Bajo | H25: Implementación de SARLAFT para conocimiento del cliente especialmente PEP´s y personas jurídicas proveedores, asociados o pagadurías / Los principios cooperativos implican igualdad, no discriminación y Universalidad, por lo que al interior de la entidad no se puede adelantar actividades proselitistas / Difusión de actividades o proyectos realizados a través de Canal Comunitario | I25: Gerencia | J25: Permanente | K25: Preventivo | L25: Alta | M25: 1 | N25: 1 | O25: =VLOOKUP((E25*F25)-(M25*N25),'riesgo inherente-Anexo '!C2:D28,2,TRUE) -> Bajo | P25: No se requiere | Q25: Asistente de Gerencia | R25: Baja | S25: Asistente de Gerencia | T25: 43800 | U25: Implementación
B26: EAP: Ejecución y Administración de Procesos | C26: 12. Errores o fraudes en el proceso de elección de delegados | D26: Debido a alteración manual de los resultados de votación física y al desconocimiento de las reglas de elección de los delegados o por ataques informaticos | E26: 1 | F26: 1 | G26: =VLOOKUP(E26*F26,'riesgo inherente-Anexo '!C4:D28,2,TRUE) -> Bajo | H26: Software especializado para la elección de delegados / Escrutinios efectuados por la Junta de Vigilancia (Control Social) y auditados por Revisoría Fiscal / Convocatoria pública a todos los asociados por SMS, Web y radio para elecciones / Usuario y contraseña personal para votación que cambia para cada elección / Protección efectiva contra ataques informáticos | I26: Gerencia, Consejo de Admón (Junta Directiva)y Junta de Vigilancia (Control Social) | J26: Periódico | K26: Preventivo | L26: Alta | M26: 1 | N26: 1 | O26: =VLOOKUP((E26*F26)-(M26*N26),'riesgo inherente-Anexo '!C2:D28,2,TRUE) -> Bajo | P26: No se requiere | Q26: Asistente de Gerencia | R26: Baja | S26: Asistente de Gerencia | T26: 43800 | U26: Implementación
B27: EAP: Ejecución y Administración de Procesos | C27: 13. Decisiones ilegales, temerarias o negligentes del Consejo de Admón (Junta Directiva)de Administración | D27: Falta de capacitación / Perfil no acorde con la responsabilidad y funciones del cargo / Conflictos de interés para beneficiarse en los servicios o en la contratación | E27: 1 | F27: 1 | G27: =VLOOKUP(E27*F27,'riesgo inherente-Anexo '!C4:D28,2,TRUE) -> Bajo | H27: Rigurosos requisitos para ser miembro del Consejo de Admón (Junta Directiva)/ Capacitación y Actualizacion obligatoria de los candidatos / Aprobación de créditos de directivos por las 4/5 partes del Consejo de Admón (Junta Directiva) al igual que sus partes interesadas / Ente de Supervisión hace seguimiento expreso a transacciones con directivos / Revelación de transacciones con partes relacionadas en los estados financieros. | I27: Consejo, Asamblea, Revisor | J27: Permanente | K27: Preventivo | L27: Alta | M27: 1 | N27: 1 | O27: =VLOOKUP((E27*F27)-(M27*N27),'riesgo inherente-Anexo '!C2:D28,2,TRUE) -> Bajo | P27: No se requiere | Q27: Asistente de Gerencia | R27: Baja | S27: Asistente de Gerencia | T27: 43800 | U27: Implementación
B28: EAP: Ejecución y Administración de Procesos | C28: 14. Falta de pertenencia e identificación con el modelo Cooperativo de los asociados, empleados, directivos | D28: Falta de educación Cooperativa | E28: 1 | F28: 1 | G28: =VLOOKUP(E28*F28,'riesgo inherente-Anexo '!C4:D28,2,TRUE) -> Bajo | H28: Capacitaciones de inducción al Cooperativismo al que son convocados nuevos asociados | I28: Gerencia | J28: Permanente | K28: Preventivo | L28: Alta | M28: 1 | N28: 1 | O28: =VLOOKUP((E28*F28)-(M28*N28),'riesgo inherente-Anexo '!C2:D28,2,TRUE) -> Bajo | P28: Curso virtual de Cooperativismo - Desarrollo Propio | Q28: Bienestar Social | R28: Baja | S28: Asistente de Gerencia | T28: 43800 | U28: Implementación
B29: EAP: Ejecución y Administración de Procesos | C29: 15. Demanda por afectación vida - salud de grupo de asociados en evento de la entidad | D29: Accidente o evento catastrofico que afecta grupo de personas participantes de actividad programada por la entidad | E29: 1 | F29: 1 | G29: =VLOOKUP(E29*F29,'riesgo inherente-Anexo '!C4:D28,2,TRUE) -> Bajo | H29: Poliza de responsabilidad civil cuando se desarrollan evento masivos: Paseos, Celebraciones / Plan de contingencia para presentar en la Alcaldía / Organismos de Socorro disponibles en el evento | I29: Gerencia y Bienestar Social | J29: Permanente | K29: Preventivo | L29: Alta | M29: 1 | N29: 1 | O29: =VLOOKUP((E29*F29)-(M29*N29),'riesgo inherente-Anexo '!C2:D28,2,TRUE) -> Bajo | P29: No se requiere | Q29: Asistente de Gerencia | R29: Baja | S29: Asistente de Gerencia | T29: 43800 | U29: Implementación
B30: EAP: Ejecución y Administración de Procesos | C30: 16. Crisis de Gobernabilidad al interior del Consejo de Admón (Junta Directiva)de Administración | D30: Conflictos de interes o de carácter personal al interior de los integrantes, es decir, luchas por el poder / Participación de empleados en el Gobierno Cooperativo | E30: 1 | F30: 1 | G30: =VLOOKUP(E30*F30,'riesgo inherente-Anexo '!C4:D28,2,TRUE) -> Bajo | H30: Rigurosos requisitos para ser miembro del Consejo de Admón (Junta Directiva)/ Capacitación y Actualizacion obligatoria de los candidatos / Código de Buen Gobierno / Posesión en la Supersolidaria | I30: Gerencia y Bienestar Social | J30: Permanente | K30: Preventivo | L30: Alta | M30: 1 | N30: 1 | O30: =VLOOKUP((E30*F30)-(M30*N30),'riesgo inherente-Anexo '!C2:D28,2,TRUE) -> Bajo | P30: Postulación previa a las elecciones, Hoja de Vida pública previa a las elecciones, rotación parcial de miembros, elecciones cada 2 años / Establecer restrucción para empleados como Delegados | Q30: Asistente de Gerencia | R30: Baja | S30: Asistente de Gerencia | T30: 43800 | U30: Implementación
B31: EAP: Ejecución y Administración de Procesos | C31: 17. Cobro inoportuno de la Cartera | D31: El sistema no genera reportes para cobranza o la información permanece desactualizada / No existe un área especializada en Cobranza | E31: 1 | F31: 1 | G31: =VLOOKUP(E31*F31,'riesgo inherente-Anexo '!C4:D28,2,TRUE) -> Bajo | H31: Una persona encargada de la cobranza especializada y capacitada / El sistema genera reportes de cartera vencida / Evaluación de cartera anual / Seguimiento mensual a la calidad de cartera por parte de Gerencia y el Consejo de Admón (Junta Directiva)de Administración / Mensajes de texto masivos automáticamente generados por el software para cobranza (3) / Envío a cobranza jurídica despues de 90 días | I31: Gerencia y Secretaria de Gerencia | J31: Permanente | K31: Preventivo | L31: Alta | M31: 1 | N31: 1 | O31: =VLOOKUP((E31*F31)-(M31*N31),'riesgo inherente-Anexo '!C2:D28,2,TRUE) -> Bajo | P31: No se requiere | Q31: Asistente de Gerencia | R31: Baja | S31: Asistente de Gerencia | T31: 43800 | U31: Implementación
B32: EAP: Ejecución y Administración de Procesos | C32: 18. Retiro de asociados por mala atención o falta de información | D32: El personal de atención directa a los asociados no está capacitado para prestar un buen servicio o desconoce la información sobre la entidad y sus servicios | E32: 1 | F32: 1 | G32: =VLOOKUP(E32*F32,'riesgo inherente-Anexo '!C4:D28,2,TRUE) -> Bajo | H32: Los asesores deben tratar de retener a los asociados que han presentado un comportamiento positivo en la entidad / Aquellos que siendo muy buenos asociados insisten en su retiro se escalan a la Gerencia o Asistencia de Gerencia para manejo y persuación / Buzón de sugerencias físico y virtual / Encuesta al momento del retiro que es revisada por la Junta de Vigilancia (Control Social) | I32: Asesores, Gerencia | J32: Permanente | K32: Preventivo | L32: Alta | M32: 1 | N32: 1 | O32: =VLOOKUP((E32*F32)-(M32*N32),'riesgo inherente-Anexo '!C2:D28,2,TRUE) -> Bajo | P32: No se requiere | Q32: Asistente de Gerencia | R32: Baja | S32: Asistente de Gerencia | T32: 43800 | U32: Implementación
B33: EAP: Ejecución y Administración de Procesos | C33: 19. Cobros indebidos, inexactos | D33: El sistema efectúa mál los cálculos de intereses y demás valores a cargo del asociado o se cobran tasas que exceden la usura | E33: 1 | F33: 1 | G33: =VLOOKUP(E33*F33,'riesgo inherente-Anexo '!C4:D28,2,TRUE) -> Bajo | H33: La tasas se parametrizan en el sistema y las liquidaciones son automáticas / El sistema se parametriza con la tasa máxima legal permitida para que no cobre por encima de ella / Solamente Gerencia y asistencia de gerencia tienen acceso al modulo administrativo del aplicativo. | I33: Gerencia y Asistente de Gerencia | J33: Permanente | K33: Preventivo | L33: Alta | M33: 1 | N33: 1 | O33: =VLOOKUP((E33*F33)-(M33*N33),'riesgo inherente-Anexo '!C2:D28,2,TRUE) -> Bajo | P33: No se requiere | Q33: Asistente de Gerencia | R33: Baja | S33: Asistente de Gerencia | T33: 43800 | U33: Implementación
B34: EAP: Ejecución y Administración de Procesos | C34: 20. Favorecimiento propio de decisiones del Consejo de Admón (Junta Directiva)de Administración | D34: Los directivos buscan favorecerse a sí mismos en la definición de las políticas y condiciones de servicios o en la contratación de proveedores y empleados | E34: 1 | F34: 1 | G34: =VLOOKUP(E34*F34,'riesgo inherente-Anexo '!C4:D28,2,TRUE) -> Bajo | H34: Códigos de Buen Gobierno / Aprobación de Créditos del Consejo de Admón (Junta Directiva)y partes relacionadas por las 4/5 partes del Consejo de Admón (Junta Directiva)/ Seguimiento estricto a operaciones con partes relacionadas por parte de entes de control / Revelación transacciones con partes relacionadas / El Consejo de Admón (Junta Directiva)aprueba el presupuesto pero el ordenador del Gasto es la Gerencia y no participan en la contratación de personal, ni señalan hojas de vida o sugieren personas | I34: Gerencia y Consejo | J34: Permanente | K34: Preventivo | L34: Alta | M34: 1 | N34: 1 | O34: =VLOOKUP((E34*F34)-(M34*N34),'riesgo inherente-Anexo '!C2:D28,2,TRUE) -> Bajo | P34: No se requiere | Q34: Asistente de Gerencia | R34: Baja | S34: Asistente de Gerencia | T34: 43800 | U34: Implementación
B35: EAP: Ejecución y Administración de Procesos | C35: 21. Vinculación de asociados sin el lleno de los requisitos o que no cumplen perfil | D35: Con el ánimo de cumplir metas se vinculan asociados que no tienen ingresos o cuya fuente no es clara | E35: 1 | F35: 1 | G35: =VLOOKUP(E35*F35,'riesgo inherente-Anexo '!C4:D28,2,TRUE) -> Bajo | H35: Políticas de conocimiento del "cliente" SARLAFT / Remuneración fija del personal sin comisiones, bonificaciones o gratificaciones por cumplimiento de metas en vinculación de asociados, captación o colocación de créditos / Los ingresos de asociados son aprobados por el Consejo de Admón (Junta Directiva)de Administración / Gerencia revisa previamente las solicitudes de afiliación antes de llevarlas al Consejo de Admón (Junta Directiva)/ Vinculo de asociación limitado a personas residentes en el área de influencia de la entidad | I35: Gerencia, Asesores y Consejo | J35: Permanente | K35: Preventivo | L35: Alta | M35: 1 | N35: 1 | O35: =VLOOKUP((E35*F35)-(M35*N35),'riesgo inherente-Anexo '!C2:D28,2,TRUE) -> Bajo | P35: No se requiere | Q35: Asistente de Gerencia | R35: Baja | S35: Asistente de Gerencia | T35: 43800 | U35: Implementación
B36: EAP: Ejecución y Administración de Procesos | C36: 22. Actos indebidos en la Selección o contratación de proveedores | D36: Las personas encargadas de la negociacion pueden pedir sobornos para preferir un proveedor | E36: 1 | F36: 1 | G36: =VLOOKUP(E36*F36,'riesgo inherente-Anexo '!C4:D28,2,TRUE) -> Bajo | H36: Varias cotizaciones cuando se trata de contrataciones o compras representativas / Políticas de SARLAFT en materia de selección de proveedores / Se verifican referencias de proveedores | I36: Gerencia y Asistente de Gerencia | J36: Permanente | K36: Preventivo | L36: Alta | M36: 1 | N36: 1 | O36: =VLOOKUP((E36*F36)-(M36*N36),'riesgo inherente-Anexo '!C2:D28,2,TRUE) -> Bajo | P36: No se requiere | Q36: Asistente de Gerencia | R36: Baja | S36: Asistente de Gerencia | T36: 43800 | U36: Implementación
B37: EAP: Ejecución y Administración de Procesos | C37: 23. Pagos en exceso a proveedores | D37: Errores en el monto de la transferencia a efectuar | E37: 1 | F37: 1 | G37: =VLOOKUP(E37*F37,'riesgo inherente-Anexo '!C4:D28,2,TRUE) -> Bajo | H37: El Contador monta los pagos en el portal y la Gerencia los revisa, autoriza y paga / Revisoría Fiscal | I37: Contador y Gerencia | J37: Permanente | K37: Preventivo | L37: Alta | M37: 1 | N37: 1 | O37: =VLOOKUP((E37*F37)-(M37*N37),'riesgo inherente-Anexo '!C2:D28,2,TRUE) -> Bajo | P37: No se requiere | Q37: Asistente de Gerencia | R37: Baja | S37: Asistente de Gerencia | T37: 43800 | U37: Implementación
B38: EAP: Ejecución y Administración de Procesos | C38: 24. Giros de recursos a beneficiarios equivocados | D38: Errores de digitación en el numero de la cuenta o de la cedula | E38: 1 | F38: 1 | G38: =VLOOKUP(E38*F38,'riesgo inherente-Anexo '!C4:D28,2,TRUE) -> Bajo | H38: La mayoría de desembolsos se efectúa en efectivo al beneficiario directo o mendiante consignacion en cuenta de ahorros de la misma Cooperativa / Los cheques son girados por la Caja y revisados y firmados por la Gerencia / Conciliación mensual de obligaciones financieras | I38: Caja y Gerencia | J38: Permanente | K38: Preventivo | L38: Alta | M38: 1 | N38: 1 | O38: =VLOOKUP((E38*F38)-(M38*N38),'riesgo inherente-Anexo '!C2:D28,2,TRUE) -> Bajo | P38: No se requiere | Q38: Asistente de Gerencia | R38: Baja | S38: Asistente de Gerencia | T38: 43800 | U38: Implementación
B39: FI: Fraude Interno | C39: 25. Pérdida, plagio o copia de claves para acceso al aplicativo | D39: No cambio de claves por parte de los usuarios / vulnerabilidad externa del sistema | E39: 1 | F39: 1 | G39: =VLOOKUP(E39*F39,'riesgo inherente-Anexo '!C4:D28,2,TRUE) -> Bajo | H39: Clave inicial llega a correo registrado y pide con el primer acceso cambio de clave / Cambio obligatorio de clave despues de cierto tiempo de uso | I39: Asistente de Gerencia | J39: Permanente | K39: Preventivo | L39: Alta | M39: 1 | N39: 1 | O39: =VLOOKUP((E39*F39)-(M39*N39),'riesgo inherente-Anexo '!C2:D28,2,TRUE) -> Bajo | P39: No se requiere | Q39: Asistente de Gerencia | R39: Baja | S39: Asistente de Gerencia | T39: 43800 | U39: Implementación
B40: EAP: Ejecución y Administración de Procesos | C40: 26. Incumplimiento de presupuestos, proyecciones, metas y objetivos | D40: Falta de seguimiento a las metas y planes / Ausencia de planeacion financiera o presupuesto / No se tiene planeación estratégica | E40: 1 | F40: 1 | G40: =VLOOKUP(E40*F40,'riesgo inherente-Anexo '!C4:D28,2,TRUE) -> Bajo | H40: Elaboración de Presupuesto anual / Plan de Direccionamiento Estratégico / Evalución mensual de desempeño financiero, indicadores y cumplimiento de metas en el Consejo de Admón (Junta Directiva)de Administración | I40: Gerencia y Consejo de Admón (Junta Directiva) | J40: Permanente | K40: Preventivo | L40: Alta | M40: 1 | N40: 1 | O40: =VLOOKUP((E40*F40)-(M40*N40),'riesgo inherente-Anexo '!C2:D28,2,TRUE) -> Bajo | P40: No se requiere | Q40: Asistente de Gerencia | R40: Baja | S40: Asistente de Gerencia | T40: 43800 | U40: Implementación
B41: C: Clientes | C41: 27. Demoras en la atención de los asociados o en la prestación del servicio | D41: Alta aglomeración de asociados en momentos de alta demanda de servicio / Insuficiencia de personal / caida del sistema o del internet | E41: 1 | F41: 1 | G41: =VLOOKUP(E41*F41,'riesgo inherente-Anexo '!C4:D28,2,TRUE) -> Bajo | H41: Los días de quincena o cuando el flujo de publico lo amerita se incrementa el número de cajeros / Gestor de Turnos | I41: Gerencia y Asistente de Gerencia | J41: Permanente | K41: Preventivo | L41: Alta | M41: 1 | N41: 1 | O41: =VLOOKUP((E41*F41)-(M41*N41),'riesgo inherente-Anexo '!C2:D28,2,TRUE) -> Bajo | P41: Implementación internet de contingencia | Q41: Asistente de Gerencia | R41: Alta | S41: Asistente de Gerencia | T41: 43800 | U41: Implementación
B42: EAP: Ejecución y Administración de Procesos | C42: 28. Incumplimiento de normatividad vigente interna o externa | D42: Falta de conocimiento del Consejo de Admón (Junta Directiva)de Administración y la Gerencia | E42: 1 | F42: 1 | G42: =VLOOKUP(E42*F42,'riesgo inherente-Anexo '!C4:D28,2,TRUE) -> Bajo | H42: Capacitación permanente de la Gerencia, Asistente de Gerencia y Contador y actualización anual del Consejo de Admón (Junta Directiva)de Administración, Junta de Vigilancia (Control Social) y Comités | I42: Comité de Educación | J42: Permanente | K42: Preventivo | L42: Alta | M42: 1 | N42: 1 | O42: =VLOOKUP((E42*F42)-(M42*N42),'riesgo inherente-Anexo '!C2:D28,2,TRUE) -> Bajo | P42: No se requiere | Q42: Asistente de Gerencia | R42: Baja | S42: Asistente de Gerencia | T42: 43800 | U42: Implementación
B43: FI: Fraude Interno | C43: 29. Descuadres en Caja | D43: Falta de concentración del cajero | E43: 1 | F43: 1 | G43: =VLOOKUP(E43*F43,'riesgo inherente-Anexo '!C4:D28,2,TRUE) -> Bajo | H43: Contadora, validadora y clasificadora de dinero / Cuadres diarios de caja efectuados a los Cajeros por el tesorero | I43: Tesorería | J43: Permanente | K43: Preventivo | L43: Alta | M43: 1 | N43: 1 | O43: =VLOOKUP((E43*F43)-(M43*N43),'riesgo inherente-Anexo '!C2:D28,2,TRUE) -> Bajo | P43: No se requiere | Q43: Asistente de Gerencia | R43: Baja | S43: Asistente de Gerencia | T43: 43800 | U43: Implementación
B44: EAP: Ejecución y Administración de Procesos | C44: 30. Presentación tardía, inadecuada o incompleta de información financiera al Consejo | D44: Multiples procesos manuales de causación y cierre contable, demora en la llegada de extractos bancarios para causación de ingresos y gastos bancarios / Incapacidad del Contador | E44: 1 | F44: 1 | G44: =VLOOKUP(E44*F44,'riesgo inherente-Anexo '!C4:D28,2,TRUE) -> Bajo | H44: Las reuniones son el segundo martes de cada mes / El sistema genera la mayoría de procesos de causación automática / Se efectúan reportes mensuales a los entes de control dentro de los 20 primeros días del mes siguiente al corte / El Gerente puede suplir temporalmente al Contador | I44: Gerente y contador | J44: Permanente | K44: Preventivo | L44: Alta | M44: 1 | N44: 1 | O44: =VLOOKUP((E44*F44)-(M44*N44),'riesgo inherente-Anexo '!C2:D28,2,TRUE) -> Bajo | P44: Programacion concertada de vacaciones del Contador / Cronograma anual de responsabilidades fiscales, de reporte entes de control, reuniones Consejo, Comités y Asamblea / Preparación de Contador Suplente al interior del personal de la entidad (3 empleados en formación) | Q44: Asistente de Gerencia | R44: Baja | S44: Asistente de Gerencia | T44: 43800 | U44: Implementación
B45: FE: Fraudes Externos | C45: 31. Suplantación de personas para vinculación o retiro de recursos | D45: No se autentican adecuadamente las personas antes de efectuar la transacción | E45: 1 | F45: 1 | G45: =VLOOKUP(E45*F45,'riesgo inherente-Anexo '!C4:D28,2,TRUE) -> Bajo | H45: Las personas deben aportar documento de identidad original para efectuar operaciones a través de oficina directamente / Verificación de identidad en la vinculación a través de centrales de riesgo y verificación de listas vinculantes | I45: Personal de Caja y atención directa | J45: Permanente | K45: Preventivo | L45: Alta | M45: 1 | N45: 1 | O45: =VLOOKUP((E45*F45)-(M45*N45),'riesgo inherente-Anexo '!C2:D28,2,TRUE) -> Bajo | P45: Implementación de identificación biométrica | Q45: Asistente de Gerencia | R45: Alta | S45: Asistente de Gerencia | T45: 43800 | U45: Implementación
B46: C: Clientes | C46: 32. Atención inoportuna o inatención de PQRS | D46: No se cuenta con un sistema de radicación PQRS y respuesta oportuna | E46: 1 | F46: 1 | G46: =VLOOKUP(E46*F46,'riesgo inherente-Anexo '!C4:D28,2,TRUE) -> Bajo | H46: Junta de Vigilancia (Control Social) se reune mensualmente y revise PQRS / Asociados que se retiran diligencian encuesta que es revisada por la Junta de Vigilancia (Control Social) / Buzón de PQRS físico y virtual | I46: Junta de Vigilancia (Control Social) | J46: Permanente | K46: Preventivo | L46: Alta | M46: 1 | N46: 1 | O46: =VLOOKUP((E46*F46)-(M46*N46),'riesgo inherente-Anexo '!C2:D28,2,TRUE) -> Bajo | P46: No se requiere | Q46: Asistente de Gerencia | R46: Baja | S46: Asistente de Gerencia | T46: 43800 | U46: Implementación
B47: EAP: Ejecución y Administración de Procesos | C47: 33. Aprobación de créditos sin el lleno de los requisitos | D47: Personal del area de crédito no verifica adecuadamente la documentación y solicitud / Falta de capacitación o Experiencia | E47: 1 | F47: 1 | G47: =VLOOKUP(E47*F47,'riesgo inherente-Anexo '!C4:D28,2,TRUE) -> Bajo | H47: Los créditos pasan por varias instancias antes de su aprobación final, las cuales verifican el lleno de los requisitos / Pruebas aleatorias de la Revisoría Fiscal | I47: Créditos | J47: Permanente | K47: Preventivo | L47: Alta | M47: 1 | N47: 1 | O47: =VLOOKUP((E47*F47)-(M47*N47),'riesgo inherente-Anexo '!C2:D28,2,TRUE) -> Bajo | P47: Capacitación y reentrenamiento empleados sobre análisis de crédito y reglamento de crédito | Q47: Asistente de Gerencia | R47: Baja | S47: Asistente de Gerencia | T47: 43800 | U47: Implementación
B48: EAP: Ejecución y Administración de Procesos | C48: 34. Favorecimiento, conflicto de interés o privilegios en las condiciones de los servicios | D48: Se otorgan créditos a familiares o partes relacionadas de los empleados en condiciones mas favorables que los reglamentarios | E48: 1 | F48: 1 | G48: =VLOOKUP(E48*F48,'riesgo inherente-Anexo '!C4:D28,2,TRUE) -> Bajo | H48: Segregación de funciones entre la recolección de la información, el análisis de los créditos, la aprobación, el desembolso y la cobranza / Reglamentos de Crédito expedidos por el Consejo de Admón (Junta Directiva)/ Condiciones de productos de ahorro y crédito parametrizadas en el sistema que no son modificables por los usuarios / Los créditos son aprobados por un comité plural independiente / Código de Buen Gobierno | I48: Consejo de Admón (Junta Directiva)y Gerencia | J48: Permanente | K48: Preventivo | L48: Alta | M48: 1 | N48: 1 | O48: =VLOOKUP((E48*F48)-(M48*N48),'riesgo inherente-Anexo '!C2:D28,2,TRUE) -> Bajo | P48: No se requiere | Q48: Asistente de Gerencia | R48: Baja | S48: Asistente de Gerencia | T48: 43800 | U48: Implementación
B49: EAP: Ejecución y Administración de Procesos | C49: 35. Entrega de auxilios sin el lleno de los requisitos | D49: Personal encargado no verifica adecuadamente la documentación y solicitud / Falta de capacitación o Experiencia | E49: 1 | F49: 1 | G49: =VLOOKUP(E49*F49,'riesgo inherente-Anexo '!C4:D28,2,TRUE) -> Bajo | H49: La Gerencia revisa la documentación soporte y solicitud de los auxilios / pruebas de la revisoría fiscal / Seguimiento de la Junta de Vigilancia (Control Social) es una de sus funciones | I49: Auxiliar de Crédito y Gerencia | J49: Permanente | K49: Preventivo | L49: Alta | M49: 1 | N49: 1 | O49: =VLOOKUP((E49*F49)-(M49*N49),'riesgo inherente-Anexo '!C2:D28,2,TRUE) -> Bajo | P49: No se requiere | Q49: Asistente de Gerencia | R49: Baja | S49: Asistente de Gerencia | T49: 43800 | U49: Implementación
B50: C: Clientes | C50: 36. Demandas por devolución inadecuada de aportes a beneficiarios de asociados fallecidos | D50: Se devuelven los aportes sin consideración al régimen sucesoral colombiano o sin la debida diligencia | E50: 1 | F50: 1 | G50: =VLOOKUP(E50*F50,'riesgo inherente-Anexo '!C4:D28,2,TRUE) -> Bajo | H50: Si la devolución es superior a 2 SMLMV se requiere juicio de sucesión notarial / Los aportes están atomizados | I50: Gerencia | J50: Permanente | K50: Preventivo | L50: Alta | M50: 1 | N50: 1 | O50: =VLOOKUP((E50*F50)-(M50*N50),'riesgo inherente-Anexo '!C2:D28,2,TRUE) -> Bajo | P50: No se requiere | Q50: Asistente de Gerencia | R50: Baja | S50: Asistente de Gerencia | T50: 43800 | U50: Implementación
B51: RL: Relaciones Laborales | C51: 37. Errores en la constitución, vinculación o retiro de pólizas de vida deudores asociados y otras polizas o asociados que mienten en la declaración de asegurabilidad | D51: Asociados que mienten porque saben que al tener pre existencias podrían no ser asegurables y por ende no sujetos de crédito | E51: 1 | F51: 1 | G51: =VLOOKUP(E51*F51,'riesgo inherente-Anexo '!C4:D28,2,TRUE) -> Bajo | H51: Codeudor para obligaciones significativas debe hacerse cargo de la obligación / Los aportes cubren parcialmente el monto de la deuda / Los créditos más grandes cuentan con Garantías Admisibles / Los asesores son los encargados de ingresos y retiros de las polizas de seguros de los bienes recibidos en Garantía de obligaciones de asociados | I51: Asesores, Gerencia | J51: Anual | K51: Preventivo | L51: Alta | M51: 1 | N51: 1 | O51: =VLOOKUP((E51*F51)-(M51*N51),'riesgo inherente-Anexo '!C2:D28,2,TRUE) -> Bajo | P51: Seguimiento periódico de garantías y vigencia de las pólizas / Convertir en poliza colectiva la poliza de Viviendas aseguradas que son garantía de obligaciones con fecha unificada de renovación | Q51: Asistente de Gerencia | R51: Media | S51: Asistente de Gerencia | T51: 43800 | U51: Implementación
B52: EAP: Ejecución y Administración de Procesos | C52: 38. Inexistencia, atraso o lleno de actas sin requisitos legales | D52: Descuido o atraso de la persona encargada o falta de preparación formal sobre actas | E52: 1 | F52: 1 | G52: =VLOOKUP(E52*F52,'riesgo inherente-Anexo '!C4:D28,2,TRUE) -> Bajo | H52: Secretaria de Gerencia es la persona encargada de todas las actas de organos de administración y control - Cada organismo además cuenta con secretario que hace el seguimiento, revisa, firma. / Revisor Fiscal revisa periódicamente. / Gerencia revisa las actas / Reuniones se graban | I52: Secretaria de Gerencia | J52: Permanente | K52: Preventivo | L52: Alta | M52: 1 | N52: 1 | O52: =VLOOKUP((E52*F52)-(M52*N52),'riesgo inherente-Anexo '!C2:D28,2,TRUE) -> Bajo | P52: Capacitación en elaboración de actas | Q52: Asistente de Gerencia | R52: Baja | S52: Asistente de Gerencia | T52: 43800 | U52: Implementación
B53: EAP: Ejecución y Administración de Procesos | C53: 39. Actos de registro e inscripción o control de legalidad faltantes o inoportunos | D53: Descuido o atraso de la persona encargada o falta de preparación formal sobre actas | E53: 1 | F53: 1 | G53: =VLOOKUP(E53*F53,'riesgo inherente-Anexo '!C4:D28,2,TRUE) -> Bajo | H53: Revisor Fiscal hace seguimiento al cumplimiento de las fechas de reporte a los entes de control, registro en cámara de comercio y control de legalidad | I53: Contador y Gerencia | J53: Permanente | K53: Preventivo | L53: Alta | M53: 1 | N53: 1 | O53: =VLOOKUP((E53*F53)-(M53*N53),'riesgo inherente-Anexo '!C2:D28,2,TRUE) -> Bajo | P53: Implementación de cronograma ANUAL de obligaciones legales y fiscales | Q53: Asistente de Gerencia | R53: Baja | S53: Asistente de Gerencia | T53: 43800 | U53: Implementación
B54: EAP: Ejecución y Administración de Procesos | C54: 40. Pago extemporaneo de impuestos, contribuciones a la seguridad social, nomina, polizas | D54: Descuido - Atraso - Incapacidad - Vacaciones de la persona encargada | E54: 1 | F54: 1 | G54: =VLOOKUP(E54*F54,'riesgo inherente-Anexo '!C4:D28,2,TRUE) -> Bajo | H54: El Gerente puede reemplazar al contador en cuanto a sus funciones de preparación de información financiera y reportes a los entes de control así como presentación de declaraciones tributarias y tiene las claves de acceso al portal de la DIAN / Revisoría Fiscal hace seguimiento permanente del cumplimiento y los vencimientos | I54: Contador y Gerencia | J54: Permanente | K54: Preventivo | L54: Alta | M54: 1 | N54: 1 | O54: =VLOOKUP((E54*F54)-(M54*N54),'riesgo inherente-Anexo '!C2:D28,2,TRUE) -> Bajo | P54: Implementación de cronograma ANUAL de obligaciones legales y fiscales y formar otras personas que puedan actuar como suplentes del contador | Q54: Asistente de Gerencia | R54: Baja | S54: Asistente de Gerencia | T54: 43800 | U54: Implementación
B55: FI: Fraude Interno | C55: 41. Mala administración, errores, fallas o robos en el manejo de caja menor | D55: La persona se descuadra o utiliza lo fondos para gastos personales | E55: 1 | F55: 1 | G55: =VLOOKUP(E55*F55,'riesgo inherente-Anexo '!C4:D28,2,TRUE) -> Bajo | H55: El fondo de caja menor es pequeño 1 SMLMV / El cajero lider es el encargado del Fondo / Arqueo de caja menor una vez al mes sorpresivo / Reembolsos de caja menor los autoriza la Gerencia | I55: Cajero lider | J55: Permanente | K55: Preventivo | L55: Alta | M55: 1 | N55: 1 | O55: =VLOOKUP((E55*F55)-(M55*N55),'riesgo inherente-Anexo '!C2:D28,2,TRUE) -> Bajo | P55: No se requiere | Q55: Asistente de Gerencia | R55: Baja | S55: Asistente de Gerencia | T55: 43800 | U55: Implementación
B56: FE: Fraudes Externos | C56: 42. Amenazas, extorsión, soborno a empleados o de órganos directivos para favorecimiento de decisiones o a titulo personal o a la entidad | D56: Terceras personas desean efectuar fraude o robo a la entidad para enriquecimiento propio | E56: 1 | F56: 1 | G56: =VLOOKUP(E56*F56,'riesgo inherente-Anexo '!C4:D28,2,TRUE) -> Bajo | H56: Segregación de funciones entre muchas personas: quien recibe la documentación, el analista, los comités de aprobación, la autorización y el desembolso / Los parámetros están en el sistema y no pueden ser alternados por los usuarios y los reglamentos son expedidos por el Consejo de Admón (Junta Directiva)de Administración | I56: Consejo de Admón (Junta Directiva)y Gerencia | J56: Permanente | K56: Preventivo | L56: Alta | M56: 1 | N56: 1 | O56: =VLOOKUP((E56*F56)-(M56*N56),'riesgo inherente-Anexo '!C2:D28,2,TRUE) -> Bajo | P56: Polizas de Seguro contra fraudes, robos y similares | Q56: Asistente de Gerencia | R56: Baja | S56: Asistente de Gerencia | T56: 43800 | U56: Implementación
B57: FE: Fraudes Externos | C57: 43. Fraude, corrupción o ineficiencia en la cobranza de cartera coactiva por el abogado | D57: El abogado recauda dineros que posteriormente no entrega a la entidad | E57: 1 | F57: 1 | G57: =VLOOKUP(E57*F57,'riesgo inherente-Anexo '!C4:D28,2,TRUE) -> Bajo | H57: El endoso se hace en administración y por ende no puede recibir el abogado dinero directamente y deben hacer los pagos en las oficinas o cuentas de la entidad | I57: Gerencia | J57: Permanente | K57: Preventivo | L57: Alta | M57: 1 | N57: 1 | O57: =VLOOKUP((E57*F57)-(M57*N57),'riesgo inherente-Anexo '!C2:D28,2,TRUE) -> Bajo | P57: No se requiere | Q57: Asistente de Gerencia | R57: Baja | S57: Asistente de Gerencia | T57: 43800 | U57: Implementación
B58: EAP: Ejecución y Administración de Procesos | C58: 44. Errores, alteración, retrasos en el reporte de informacion a las Central de Riesgo, UIAF. | D58: La personas encargadas alteran la información para no revelar la situación de morosidad real de un caso en particular | E58: 1 | F58: 1 | G58: =VLOOKUP(E58*F58,'riesgo inherente-Anexo '!C4:D28,2,TRUE) -> Bajo | H58: El reporte a la central de riesgo y a la UIAF lo hace la persona encargada de riesgos y no el area de cobranza o crédito | I58: Asistente de Gerencia | J58: Permanente | K58: Preventivo | L58: Alta | M58: 1 | N58: 1 | O58: =VLOOKUP((E58*F58)-(M58*N58),'riesgo inherente-Anexo '!C2:D28,2,TRUE) -> Bajo | P58: No se requiere | Q58: Asistente de Gerencia | R58: Baja | S58: Asistente de Gerencia | T58: 43800 | U58: Implementación
B59: EAP: Ejecución y Administración de Procesos | C59: 45. Expedición de comunicaciones, certificaciones no autorizadas, inexactas, o falseadas | D59: Los empleados expiden comunicaciones o extractos sin autorización | E59: 1 | F59: 1 | G59: =VLOOKUP(E59*F59,'riesgo inherente-Anexo '!C4:D28,2,TRUE) -> Bajo | H59: La solicitud se hace a los asesores comerciales que lo elaboran pero es la Gerencia quien debe revisarlos y firmarlos. | I59: Asesores, Gerencia | J59: Permanente | K59: Preventivo | L59: Alta | M59: 1 | N59: 1 | O59: =VLOOKUP((E59*F59)-(M59*N59),'riesgo inherente-Anexo '!C2:D28,2,TRUE) -> Bajo | P59: No se requiere | Q59: Asistente de Gerencia | R59: Baja | S59: Asistente de Gerencia | T59: 43800 | U59: Implementación
B60: EAP: Ejecución y Administración de Procesos | C60: 46. Contratación de proveedores sin el lleno de requisitos o inapropiados | D60: No se evalúa la idoneidad, experiencia y respaldo del proveedor de un bien o servicio crítico | E60: 1 | F60: 1 | G60: =VLOOKUP(E60*F60,'riesgo inherente-Anexo '!C4:D28,2,TRUE) -> Bajo | H60: Al momento de contratación de grandes compras o servicios se establecen contratos, polizas de manejo del anticipo y cumplimiento / Selección de varios proveedores para cotizar / verificación de referencias, experiencia y trayectoria del proveedor / Contratación la autoriza la Gerencia / Politicas de debida diligencia en el conocimiento de nuevos proveedores por SARLAFT | I60: Gerencia | J60: Permanente | K60: Preventivo | L60: Alta | M60: 1 | N60: 1 | O60: =VLOOKUP((E60*F60)-(M60*N60),'riesgo inherente-Anexo '!C2:D28,2,TRUE) -> Bajo | P60: No se requiere | Q60: Asistente de Gerencia | R60: Baja | S60: Asistente de Gerencia | T60: 43800 | U60: Implementación
B61: FE: Fraudes Externos | C61: 47. Terceros que engañan a los "asociados" - "clientes" en las oficinas de la entidad | D61: Se infiltran entre el publico personas que intentan engañar a los asociados para que les entreguen sus recursos o efectuarles fleteo | E61: 1 | F61: 1 | G61: =VLOOKUP(E61*F61,'riesgo inherente-Anexo '!C4:D28,2,TRUE) -> Bajo | H61: 16 cámaras al interior de la oficina / Conocimiento preciso de los asociados por los asesores | I61: Asistente de Gerencia | J61: Permanente | K61: Preventivo | L61: Alta | M61: 1 | N61: 1 | O61: =VLOOKUP((E61*F61)-(M61*N61),'riesgo inherente-Anexo '!C2:D28,2,TRUE) -> Bajo | P61: Carnetización de los empleados | Q61: Asistente de Gerencia | R61: Baja | S61: Asistente de Gerencia | T61: 43800 | U61: Implementación
B62: FE: Fraudes Externos | C62: 48. Terceros que buscan engañar al publico ofreciendo servicios a nombre de la entidad | D62: Falta de identificacion de los funcionarios que atienden al publico para que los asociados los conozcan. Documentos confidenciales en manos de terceros que usan para engañar al publico | E62: 1 | F62: 1 | G62: =VLOOKUP(E62*F62,'riesgo inherente-Anexo '!C4:D28,2,TRUE) -> Bajo | H62: Empleados Uniformados. La presencia en el municipio desde hace varias décadas hace que los asociados conozcan casi personalmente a los empleados de la entidad. La página WEB permite acceder a la información de servicios y actividades de la entidad. Al ser cooperativa, para acceder a un servicio primero se debe ser asociado. | I62: Gerencia | J62: Permanente | K62: Preventivo | L62: Alta | M62: 1 | N62: 1 | O62: =VLOOKUP((E62*F62)-(M62*N62),'riesgo inherente-Anexo '!C2:D28,2,TRUE) -> Bajo | P62: Carnetización de los empleados | Q62: Asistente de Gerencia | R62: Media | S62: Asistente de Gerencia | T62: 43800 | U62: Implementación
B63: FI: Fraude Interno | C63: 49. Autopréstamos de los empleados a nombre de asociados sin su consentimiento o solicitud de favores personales. | D63: Falta de segregación de funciones. Se tendrían que poner de acuerdo varios funcionarios de la entidad para poder cometer el fraude | E63: 1 | F63: 1 | G63: =VLOOKUP(E63*F63,'riesgo inherente-Anexo '!C4:D28,2,TRUE) -> Bajo | H63: Los empleados no tienen facultad de aprobación de créditos. Los créditos de mayor cuantía pasan a la Gerencia y/o Comité de Crédito para aprobación. El desembolso lo efectúa el cajero en efectivo o transferencia bancaria para lo cual el beneficiario debe identificarse. | I63: Gerencia | J63: Permanente | K63: Preventivo | L63: Alta | M63: 1 | N63: 1 | O63: =VLOOKUP((E63*F63)-(M63*N63),'riesgo inherente-Anexo '!C2:D28,2,TRUE) -> Bajo | P63: Seguimiento especial a creditos de familiares y allegados de los empleados y directivos de la entidad. Extracto que pueda consultarse por INTERNET. | Q63: Asistente de Gerencia | R63: Baja | S63: Asistente de Gerencia | T63: 43800 | U63: Implementación
B64: FI: Fraude Interno | C64: 50. Recursos captados por los empleados que no se registran | D64: Falta de control y seguimiento a los documentos soportes de las captaciones a los colaboradores encargados o de arqueos | E64: 1 | F64: 1 | G64: =VLOOKUP(E64*F64,'riesgo inherente-Anexo '!C4:D28,2,TRUE) -> Bajo | H64: Cámaras de vigilancia (Video y Audio en las areas sensibles) en las instalaciones de la entidad que permiten observar que documentos o dinero entregan los asociados y a quien | I64: Asistente de Gerencia | J64: Permanente | K64: Preventivo | L64: Alta | M64: 1 | N64: 1 | O64: =VLOOKUP((E64*F64)-(M64*N64),'riesgo inherente-Anexo '!C2:D28,2,TRUE) -> Bajo | P64: Instalar aviso de que los dineros deben ser entregados exclusivamente en la caja | Q64: Asistente de Gerencia | R64: Baja | S64: Asistente de Gerencia | T64: 43800 | U64: Implementación
B65: RL: Relaciones Laborales | C65: 51. Ventas de productos o servicios por los empleados a los asociados | D65: Abuso de confianza, incumpliento al reglamento interno de trabajo. | E65: 1 | F65: 1 | G65: =VLOOKUP(E65*F65,'riesgo inherente-Anexo '!C4:D28,2,TRUE) -> Bajo | H65: Prohibición expresa en el reglamento interno de trabajo. | I65: Gerencia | J65: Permanente | K65: Preventivo | L65: Alta | M65: 1 | N65: 1 | O65: =VLOOKUP((E65*F65)-(M65*N65),'riesgo inherente-Anexo '!C2:D28,2,TRUE) -> Bajo | P65: No se requiere | Q65: Asistente de Gerencia | R65: Baja | S65: Asistente de Gerencia | T65: 43800 | U65: Implementación
B66: EAP: Ejecución y Administración de Procesos | C66: 52. Concentración excesiva de riesgos en un asociado, grupo familiar o de interés o por encima de los limites legales | D66: No cumplir con las normas prudenciales sobre limites en la concentración creditos y depositos de los asociados. | E66: 1 | F66: 1 | G66: =VLOOKUP(E66*F66,'riesgo inherente-Anexo '!C4:D28,2,TRUE) -> Bajo | H66: La entidad cuenta con límites propios en la concentración de crédito y otros limites prudenciales legales en materia de concentración de crédito y captaciones (10% y 25% del patrimonio técnico). Revisoría Fiscal debe certificar periodicamente el cumplimiento de dichos límites | I66: Gerencia | J66: Permanente | K66: Preventivo | L66: Alta | M66: 1 | N66: 1 | O66: =VLOOKUP((E66*F66)-(M66*N66),'riesgo inherente-Anexo '!C2:D28,2,TRUE) -> Bajo | P66: Seguimiento especial a los 10 / 20 mayores deudores o mayores ahorradores / Trimestral | Q66: Asistente de Gerencia | R66: Baja | S66: Asistente de Gerencia | T66: 43800 | U66: Implementación
B67: EAP: Ejecución y Administración de Procesos | C67: 53. Firma de contratos sin el lleno de los requisitos o en condiciones desventajosas | D67: Se contrata con proveedores desconocidos sin experiencia o trayectoria comprobada privilegiando el precio como factor de decisión y sin comparar con otros. Negociaciones por montos significativos sin contratación formal o sin la revisión del contrato por un Abogado | E67: 1 | F67: 1 | G67: =VLOOKUP(E67*F67,'riesgo inherente-Anexo '!C4:D28,2,TRUE) -> Bajo | H67: Cuando se contrata se prefiere proveedores con experiencia previa en la entidad, conocidos o con trayectoria en el ramo y referencias comprobadas. Se buscan siempre varias cotizaciónes. Cuando la negociación es representativa, el contrato se envía para revisión del Abogado. | I67: Gerencia | J67: Permanente | K67: Preventivo | L67: Alta | M67: 1 | N67: 1 | O67: =VLOOKUP((E67*F67)-(M67*N67),'riesgo inherente-Anexo '!C2:D28,2,TRUE) -> Bajo | P67: Ninguno | Q67: Asistente de Gerencia | R67: Baja | S67: Asistente de Gerencia | T67: 43800 | U67: Implementación
B68: EAP: Ejecución y Administración de Procesos | C68: 54. Vencimiento o falta de pólizas de: responsabilidad civil y contractual, seguros de vida, funerarios, | D68: No contar con un cronograma de vencimientos y actualizaciones de polizas, no contar con el conocimiento de las polizas existentes. | E68: 1 | F68: 1 | G68: =VLOOKUP(E68*F68,'riesgo inherente-Anexo '!C4:D28,2,TRUE) -> Bajo | H68: Cronograma de vencimiento de polizas. Las propias compañias aseguradoras manejan avisos de renovación previos. | I68: Gerencia | J68: Permanente | K68: Preventivo | L68: Alta | M68: 1 | N68: 1 | O68: =VLOOKUP((E68*F68)-(M68*N68),'riesgo inherente-Anexo '!C2:D28,2,TRUE) -> Bajo | P68: No se requiere | Q68: Asistente de Gerencia | R68: Baja | S68: Asistente de Gerencia | T68: 43800 | U68: Implementación
B69: EAP: Ejecución y Administración de Procesos | C69: 55. Vencimiento de contratos de servicios (vigilancia, aseo, mantenientos y software) | D69: No contar con un sistema administracion de riesgo LAFT, no tener personal preparado para realizar seguimiento a las señales de alerta, falta de capacitacion sobre SARLAFT a colaboradores de la entidad, base de datos desactualizada. | E69: 1 | F69: 1 | G69: =VLOOKUP(E69*F69,'riesgo inherente-Anexo '!C4:D28,2,TRUE) -> Bajo | H69: Cronograma de vencimiento de contratos de servicios. Las propias compañias prestadoras del servicio manejan avisos de renovación previos. | I69: Gerencia | J69: Permanente | K69: Preventivo | L69: Alta | M69: 1 | N69: 1 | O69: =VLOOKUP((E69*F69)-(M69*N69),'riesgo inherente-Anexo '!C2:D28,2,TRUE) -> Bajo | P69: No se requiere | Q69: Asistente de Gerencia | R69: Baja | S69: Asistente de Gerencia | T69: 43800 | U69: Implementación
A70: Tecnologia | B70: FT: Fallas Tecnológicas | C70: 1. Interrupción de la Operación por caídas del sistema | D70: Software obsoleto, actualizaciones de software en horarios de atencion al publico, fallas en el INTERNET, interrupción del servicio de energía eléctrica > 4 horas. Instalaciones que presentan fallas y deben revertirse. Fallas en el hardware | E70: 1 | F70: 1 | G70: =VLOOKUP(E70*F70,'riesgo inherente-Anexo '!C4:D28,2,TRUE) -> Bajo | H70: Se cuenta con UPS que soporta 4 horas de servicio. Se cuenta con canal principal en fibra optica y un canal alterno de banda ancha con dos empresas diferentes. Se adoptó una nueva plataforma de software especializado en ahorro y crédito instalado en servidor remoto (Nube) con dos réplicas y calificación AAA en seguridad. Mantenimiento preventivo a todos los equipos y a la RED | I70: Asistente de Gerencia | J70: Permanente | K70: Preventivo | L70: Alta | M70: 1 | N70: 1 | O70: =VLOOKUP((E70*F70)-(M70*N70),'riesgo inherente-Anexo '!C2:D28,2,TRUE) -> Bajo | P70: No se requiere | Q70: Asistente de Gerencia | R70: Baja | S70: Asistente de Gerencia | T70: 43800 | U70: Implementación
B71: FE: Fraudes Externos | C71: 2. Ataques informáticos externos (secuestro información) | D71: No contar con antivirus o con medidas preventivas de acceso a la red | E71: 1 | F71: 1 | G71: =VLOOKUP(E71*F71,'riesgo inherente-Anexo '!C4:D28,2,TRUE) -> Bajo | H71: Se cuenta con antivirus de actualización automática y un MICROTIK: dispositivo para registro de la dirección física del equipo y así conectarse a la RED. La información del aplicativo está en la NUBE con dos réplicas. Los archivos de trabajo de los empleados se les efectua copia de seguridad manual en el servidor | I71: Asistente de Gerencia | J71: Permanente | K71: Preventivo | L71: Alta | M71: 1 | N71: 1 | O71: =VLOOKUP((E71*F71)-(M71*N71),'riesgo inherente-Anexo '!C2:D28,2,TRUE) -> Bajo | P71: Copia automática de carpetas de trabajo de los empleados en el SERVIDOR. Copia de los archivos de trabajo en la NUBE o en lugar físico diferente. | Q71: Asistente de Gerencia | R71: Baja | S71: Asistente de Gerencia | T71: 43800 | U71: Implementación
B72: FI: Fraude Interno | C72: 3. Sustracción dolosa o maliciosa de información | D72: Falta de seguimiento y control sobre el manejo de la informacion, abuso de confianza, acceso libre a memorias USB | E72: 1 | F72: 1 | G72: =VLOOKUP(E72*F72,'riesgo inherente-Anexo '!C4:D28,2,TRUE) -> Bajo | H72: Claves de acceso por usuario a los equipos de la oficina | I72: Cada funcionario | J72: Permanente | K72: Preventivo | L72: Alta | M72: 1 | N72: 1 | O72: =VLOOKUP((E72*F72)-(M72*N72),'riesgo inherente-Anexo '!C2:D28,2,TRUE) -> Bajo | P72: Restricción para acceso a través de puertos USB a los equipos de la oficina | Q72: Asistente de Gerencia | R72: Baja | S72: Asistente de Gerencia | T72: 43800 | U72: Implementación
B73: FT: Fallas Tecnológicas | C73: 4. Pérdida de información por contaminación con Virus | D73: Permisibilidad de ingresar a paginas con virus, no contar con antivirus adecuados, no tener copias de seguridad | E73: 1 | F73: 1 | G73: =VLOOKUP(E73*F73,'riesgo inherente-Anexo '!C4:D28,2,TRUE) -> Bajo | H73: Restricciones de acceso a páginas no autorizadas, redes sociales, pornografía etc. | I73: Asistente de Gerencia | J73: Permanente | K73: Preventivo | L73: Alta | M73: 1 | N73: 1 | O73: =VLOOKUP((E73*F73)-(M73*N73),'riesgo inherente-Anexo '!C2:D28,2,TRUE) -> Bajo | P73: No se requiere | Q73: Asistente de Gerencia | R73: Baja | S73: Asistente de Gerencia | T73: 43800 | U73: Implementación
B74: FT: Fallas Tecnológicas | C74: 5. Obsolescencia Tecnológica | D74: Software sin licencia o desactualizado. Equipos antiguos | E74: 1 | F74: 1 | G74: =VLOOKUP(E74*F74,'riesgo inherente-Anexo '!C4:D28,2,TRUE) -> Bajo | H74: Se actualizó el software. Renovación de equipos cada 3 - 5 años. Se compran licencias de office y windows. Restricción para instalacion de software por parte de los usuarios | I74: Asistente de Gerencia | J74: Permanente | K74: Preventivo | L74: Alta | M74: 1 | N74: 1 | O74: =VLOOKUP((E74*F74)-(M74*N74),'riesgo inherente-Anexo '!C2:D28,2,TRUE) -> Bajo | P74: No se requiere | Q74: Asistente de Gerencia | R74: Baja | S74: Asistente de Gerencia | T74: 43800 | U74: Implementación
B75: DAF: Daños Activos Físicos | C75: 6. Robo de Equipos | D75: Falta de seguridad en las instalaciones de las oficinas | E75: 1 | F75: 1 | G75: =VLOOKUP(E75*F75,'riesgo inherente-Anexo '!C4:D28,2,TRUE) -> Bajo | H75: Sistemas de Alarma y Monitoreo en las oficinas. Cámaras. Seguros contra ROBO | I75: Asistente de Gerencia | J75: Permanente | K75: Preventivo | L75: Alta | M75: 1 | N75: 1 | O75: =VLOOKUP((E75*F75)-(M75*N75),'riesgo inherente-Anexo '!C2:D28,2,TRUE) -> Bajo | P75: No se requiere | Q75: Asistente de Gerencia | R75: Baja | S75: Asistente de Gerencia | T75: 43800 | U75: Implementación
B76: DAF: Daños Activos Físicos | C76: 7. Destrucción de Equipos por fenomenos físicos | D76: Mala ubicación de equipos en las instalaciones de la entidad | E76: 1 | F76: 1 | G76: =VLOOKUP(E76*F76,'riesgo inherente-Anexo '!C4:D28,2,TRUE) -> Bajo | H76: Proveedor externo especializado que hace mantenimiento anual y revisión de condiciones físicas. Aire acondicionado | I76: Asistente de Gerencia | J76: Permanente | K76: Preventivo | L76: Alta | M76: 1 | N76: 1 | O76: =VLOOKUP((E76*F76)-(M76*N76),'riesgo inherente-Anexo '!C2:D28,2,TRUE) -> Bajo | P76: No se requiere | Q76: Asistente de Gerencia | R76: Baja | S76: Asistente de Gerencia | T76: 43800 | U76: Implementación
B77: DAF: Daños Activos Físicos | C77: 8. Fallas en los equipos o daños | D77: No contar con los manteminientos periodicos | E77: 1 | F77: 1 | G77: =VLOOKUP(E77*F77,'riesgo inherente-Anexo '!C4:D28,2,TRUE) -> Bajo | H77: Proveedor externo especializado que hace mantenimiento anual y revisión de condiciones físicas. Aire acondicionado | I77: Asistente de Gerencia | J77: Permanente | K77: Preventivo | L77: Alta | M77: 1 | N77: 1 | O77: =VLOOKUP((E77*F77)-(M77*N77),'riesgo inherente-Anexo '!C2:D28,2,TRUE) -> Bajo | P77: No se requiere | Q77: Asistente de Gerencia | R77: Baja | S77: Asistente de Gerencia | T77: 43800 | U77: Implementación
B78: FT: Fallas Tecnológicas | C78: 9. Fallas en los sistemas de copias de respaldo | D78: No contar con copias de seguridad | E78: 1 | F78: 1 | G78: =VLOOKUP(E78*F78,'riesgo inherente-Anexo '!C4:D28,2,TRUE) -> Bajo | H78: El aplicativo está en la NUBE con dos replicas y se tiene respaldo de los archivos de trabajo de los empleados en el servidor | I78: Asistente de Gerencia | J78: Permanente | K78: Preventivo | L78: Alta | M78: 1 | N78: 1 | O78: =VLOOKUP((E78*F78)-(M78*N78),'riesgo inherente-Anexo '!C2:D28,2,TRUE) -> Bajo | P78: Copia automática de carpetas de trabajo de los empleados en el SERVIDOR. Copia de los archivos de trabajo en la NUBE o en lugar físico diferente. | Q78: Asistente de Gerencia | R78: Baja | S78: Asistente de Gerencia | T78: 43800 | U78: Implementación
B79: DAF: Daños Activos Físicos | C79: 10. Mal uso de los equipos | D79: Falta de capacitación y entrenamiento de los funcionarios | E79: 1 | F79: 1 | G79: =VLOOKUP(E79*F79,'riesgo inherente-Anexo '!C4:D28,2,TRUE) -> Bajo | H79: Soporte por parte de Gerencia y Asistente de Gerencia | I79: Gerencia y Asistente de Gerencia | J79: Permanente | K79: Preventivo | L79: Alta | M79: 1 | N79: 1 | O79: =VLOOKUP((E79*F79)-(M79*N79),'riesgo inherente-Anexo '!C2:D28,2,TRUE) -> Bajo | P79: Capacitación en buen manejo de los equipos y seguridad informatica | Q79: Asistente de Gerencia | R79: Baja | S79: Asistente de Gerencia | T79: 43800 | U79: Implementación
B80: FT: Fallas Tecnológicas | C80: 11. Subutilización de la capacidad instalada del software | D80: Falta de capacitación y entrenamiento de los funcionarios | E80: 1 | F80: 1 | G80: =VLOOKUP(E80*F80,'riesgo inherente-Anexo '!C4:D28,2,TRUE) -> Bajo | H80: Capacitacion en Excel y soporte por Gerencia y Asistente de Gerencia | I80: Gerencia y Asistente de Gerencia | J80: Permanente | K80: Preventivo | L80: Alta | M80: 1 | N80: 1 | O80: =VLOOKUP((E80*F80)-(M80*N80),'riesgo inherente-Anexo '!C2:D28,2,TRUE) -> Bajo | P80: Capacitación en OFIMATICA | Q80: Asistente de Gerencia | R80: Baja | S80: Asistente de Gerencia | T80: 43800 | U80: Implementación
B81: FT: Fallas Tecnológicas | C81: 12. Manipulación de datos del aplicativo | D81: Sotfware permite la manipulacion de datos en los registros por usuarios no autorizados | E81: 1 | F81: 1 | G81: =VLOOKUP(E81*F81,'riesgo inherente-Anexo '!C4:D28,2,TRUE) -> Bajo | H81: Claves de acceso restringido por parte del software. Niveles de acceso y autorización segmentados | I81: Asistente de Gerencia | J81: Permanente | K81: Preventivo | L81: Alta | M81: 1 | N81: 1 | O81: =VLOOKUP((E81*F81)-(M81*N81),'riesgo inherente-Anexo '!C2:D28,2,TRUE) -> Bajo | P81: Cambio de clave periódico obligatorio automático | Q81: Asistente de Gerencia | R81: Baja | S81: Asistente de Gerencia | T81: 43800 | U81: Implementación
B82: EAP: Ejecución y Administración de Procesos | C82: 13. Acceso a páginas NO autorizadas | D82: No contar con bloqueos de paginas web, no cumplir los procedimientos establecidos | E82: 1 | F82: 1 | G82: =VLOOKUP(E82*F82,'riesgo inherente-Anexo '!C4:D28,2,TRUE) -> Bajo | H82: Se cuenta con licencias del antivirus y los puestos de trabajo tiene acceso restringido a internet | I82: Asistente de Gerencia | J82: Permanente | K82: Preventivo | L82: Alta | M82: 1 | N82: 1 | O82: =VLOOKUP((E82*F82)-(M82*N82),'riesgo inherente-Anexo '!C2:D28,2,TRUE) -> Bajo | P82: No se requiere | Q82: Asistente de Gerencia | R82: Baja | S82: Asistente de Gerencia | T82: 43800 | U82: Implementación
B83: EAP: Ejecución y Administración de Procesos | C83: 14. Instalacion de programas no licenciados | D83: Politcas de la empresa lo permite o los computadores no tienen restricción | E83: 1 | F83: 1 | G83: =VLOOKUP(E83*F83,'riesgo inherente-Anexo '!C4:D28,2,TRUE) -> Bajo | H83: Se cuenta con licencias del antivirus y los puestos de trabajo tiene acceso restringido a internet y bloqueo para instalación de programas | I83: Asistente de Gerencia | J83: Permanente | K83: Preventivo | L83: Alta | M83: 1 | N83: 1 | O83: =VLOOKUP((E83*F83)-(M83*N83),'riesgo inherente-Anexo '!C2:D28,2,TRUE) -> Bajo | P83: No se requiere | Q83: Asistente de Gerencia | R83: Baja | S83: Asistente de Gerencia | T83: 43800 | U83: Implementación
B84: FT: Fallas Tecnológicas | C84: 15. Desactualización antivirus | D84: No se cuenta con actualización automática | E84: 1 | F84: 1 | G84: =VLOOKUP(E84*F84,'riesgo inherente-Anexo '!C4:D28,2,TRUE) -> Bajo | H84: Actualización automática de antivirus | I84: Asistente de Gerencia | J84: Permanente | K84: Preventivo | L84: Alta | M84: 1 | N84: 1 | O84: =VLOOKUP((E84*F84)-(M84*N84),'riesgo inherente-Anexo '!C2:D28,2,TRUE) -> Bajo | P84: No se requiere | Q84: Asistente de Gerencia | R84: Baja | S84: Asistente de Gerencia | T84: 43800 | U84: Implementación
B85: EAP: Ejecución y Administración de Procesos | C85: 16. Incumplimiento en el servicio de soporte por parte de los proveedores de tecnología | D85: No se tiene claridad sobre el alcance del servicio contratado o se contratan servicios con empresas sin respaldo, experiencia, trayectoria o reconocimiento | E85: 1 | F85: 1 | G85: =VLOOKUP(E85*F85,'riesgo inherente-Anexo '!C4:D28,2,TRUE) -> Bajo | H85: Contratos revisados por Abogado cuando se trata de grandes negociaciones. Contratación de proveedores tecnológicos reconocidos | I85: Gerencia | J85: Permanente | K85: Preventivo | L85: Alta | M85: 1 | N85: 1 | O85: =VLOOKUP((E85*F85)-(M85*N85),'riesgo inherente-Anexo '!C2:D28,2,TRUE) -> Bajo | P85: No se requiere | Q85: Asistente de Gerencia | R85: Baja | S85: Asistente de Gerencia | T85: 43800 | U85: Implementación
A86: Infraestructura | B86: DAF: Daños Activos Físicos | C86: 1. Pérdida de funcionalidad de las oficinas | D86: Falta de mantenimiento en la infraestructuras, eventualidades que afenten la infraestructura, crecimiento del volumen de operaciones (empleados y asociados) | E86: 1 | F86: 1 | G86: =VLOOKUP(E86*F86,'riesgo inherente-Anexo '!C4:D28,2,TRUE) -> Bajo | H86: Construción es NUEVA y amplia (2015). | I86: Asistente de Gerencia | J86: Permanente | K86: Preventivo | L86: Alta | M86: 1 | N86: 1 | O86: =VLOOKUP((E86*F86)-(M86*N86),'riesgo inherente-Anexo '!C2:D28,2,TRUE) -> Bajo | P86: Ampliación de mobiliario para atención al público / Canales virtuales transaccionales. Cupo rotativo disminuye créditos < 1 año de baja cuantía | Q86: Gerencia | R86: Baja | S86: Asistente de Gerencia | T86: 43800 | U86: Implementación
B87: DAF: Daños Activos Físicos | C87: 2. Riesgos laborales por condiciones físicas (iluminación, postura, temperatura) | D87: Falta de mantenimiento de los equipos mobiliarios, mala administracion de los espacios, no contar con programa de gestion y seguridad en el trabajo | E87: 1 | F87: 1 | G87: =VLOOKUP(E87*F87,'riesgo inherente-Anexo '!C4:D28,2,TRUE) -> Bajo | H87: Se cuenta con programa de sistema de gestion de seguridad y salud en el trabajo; Software pausas activas. Empresa asesora externa de diagnostico y seguimiento visita periódicamente | I87: Asistente de Gerencia | J87: Permanente | K87: Preventivo | L87: Alta | M87: 1 | N87: 1 | O87: =VLOOKUP((E87*F87)-(M87*N87),'riesgo inherente-Anexo '!C2:D28,2,TRUE) -> Bajo | P87: No se requiere | Q87: Asistente de Gerencia | R87: Baja | S87: Asistente de Gerencia | T87: 43800 | U87: Implementación
B88: C: Clientes | C88: 3. Dificultades de acceso a personas con movilidad reducida | D88: No se cuenta con accesos a personas discapacitadas | E88: 1 | F88: 1 | G88: =VLOOKUP(E88*F88,'riesgo inherente-Anexo '!C4:D28,2,TRUE) -> Bajo | H88: Se cuenta con acceso para personas con movilidad reducida a la planta de servicios | I88: Gerencia | J88: Permanente | K88: Preventivo | L88: Alta | M88: 1 | N88: 1 | O88: =VLOOKUP((E88*F88)-(M88*N88),'riesgo inherente-Anexo '!C2:D28,2,TRUE) -> Bajo | P88: No se requiere | Q88: Asistente de Gerencia | R88: Baja | S88: Asistente de Gerencia | T88: 43800 | U88: Implementación
B89: C: Clientes | C89: 4. Aglomeraciones excesivas de personas | D89: No contar con instalaciones adecuadas para el acceso masivo de personas o sistemas de contingencia para atender picos de demanda de servicios | E89: 1 | F89: 1 | G89: =VLOOKUP(E89*F89,'riesgo inherente-Anexo '!C4:D28,2,TRUE) -> Bajo | H89: Amplio espacio del area de atención. Sillas de espera y sistema de TURNOS. Los ídas "pico" se incrementa el # de cajeros | I89: Asistente de Gerencia | J89: Permanente | K89: Preventivo | L89: Alta | M89: 1 | N89: 1 | O89: =VLOOKUP((E89*F89)-(M89*N89),'riesgo inherente-Anexo '!C2:D28,2,TRUE) -> Bajo | P89: Ampliación de mobiliario para atención al público / Canales virtuales transaccionales. Cupo rotativo disminuye créditos < 1 año de baja cuantía | Q89: Asistente de Gerencia | R89: Baja | S89: Asistente de Gerencia | T89: 43800 | U89: Implementación
B90: EAP: Ejecución y Administración de Procesos | C90: 5. Acceso inadecuado a los espacios y areas de la entidad | D90: No se cuenta con procedimientos de señalizacion interna. | E90: 1 | F90: 1 | G90: =VLOOKUP(E90*F90,'riesgo inherente-Anexo '!C4:D28,2,TRUE) -> Bajo | H90: Se cuenta con señalización interna de los espacios, servicios, areas, rutas | I90: Asistente de Gerencia | J90: Permanente | K90: Preventivo | L90: Alta | M90: 1 | N90: 1 | O90: =VLOOKUP((E90*F90)-(M90*N90),'riesgo inherente-Anexo '!C2:D28,2,TRUE) -> Bajo | P90: No se requiere | Q90: Asistente de Gerencia | R90: Baja | S90: Asistente de Gerencia | T90: 43800 | U90: Implementación
B91: DAF: Daños Activos Físicos | C91: 6. Mal uso de las herramientas e instrumentos de trabajo | D91: Falta de capacitacion de personal en el manejo de las herramientas e instrumentos de trabajo. | E91: 1 | F91: 1 | G91: =VLOOKUP(E91*F91,'riesgo inherente-Anexo '!C4:D28,2,TRUE) -> Bajo | H91: Proceso de inducción y entrenamiento al personal. Manuales de funciones y procedimientos | I91: Asistente de Gerencia | J91: Permanente | K91: Preventivo | L91: Alta | M91: 1 | N91: 1 | O91: =VLOOKUP((E91*F91)-(M91*N91),'riesgo inherente-Anexo '!C2:D28,2,TRUE) -> Bajo | P91: Capacitación en Riesgos laborales, ofimática, uso de equipos y otros. | Q91: Asistente de Gerencia | R91: Baja | S91: Asistente de Gerencia | T91: 43800 | U91: Implementación
A92: EXTERNOS | B92: DAF: Daños Activos Físicos | C92: 1. Destrucción de instalaciones | D92: Terremoto, inundación, incendio, actos malintencionados de terceros, terrorismo, asonada | E92: 1 | F92: 1 | G92: =VLOOKUP(E92*F92,'riesgo inherente-Anexo '!C4:D28,2,TRUE) -> Bajo | H92: Copias de seguridad de la información / Seguros / Titulos valores en Bóveda / Sensores de Humo y Extintores en todas las areas para diferentes fuentes / Digitalización de los documentos | I92: Asistente de Gerencia | J92: Permanente | K92: Preventivo | L92: Alta | M92: 1 | N92: 1 | O92: =VLOOKUP((E92*F92)-(M92*N92),'riesgo inherente-Anexo '!C2:D28,2,TRUE) -> Bajo | P92: Pagare desmaterializado | Q92: Gerencia | R92: Baja | S92: Asistente de Gerencia | T92: 43800 | U92: Implementación
B93: EAP: Ejecución y Administración de Procesos | C93: 2. Sanciones por no reportes, reportes incompletos, extemporaneos o con errores Supersolidaria, UIAF, DIAN | D93: Por el incumplimiento en los reportes, reportes incompletos, errores en su presentacion a las entidades o tardío. Falta de revisión de la calidad de la información enviada | E93: 1 | F93: 1 | G93: =VLOOKUP(E93*F93,'riesgo inherente-Anexo '!C4:D28,2,TRUE) -> Bajo | H93: Seguimiento del Revisor Fiscal. Programación y alertas automaticas en outlook | I93: Contador y Asistente de Gerencia | J93: Permanente | K93: Preventivo | L93: Alta | M93: 1 | N93: 1 | O93: =VLOOKUP((E93*F93)-(M93*N93),'riesgo inherente-Anexo '!C2:D28,2,TRUE) -> Bajo | P93: Programación anual general de compromisos legales de reporte y pago de impuestos y contribuciones | Q93: Gerencia, Asistente de Gerencia y Contador | R93: Alta | S93: Asistente de Gerencia | T93: 43800 | U93: Implementación
B94: EAP: Ejecución y Administración de Procesos | C94: 3. Sanciones por pago tardío o inexacto de impuestos | D94: Incumplimientos en obligaciones fiscales, preparación tardía de las declaraciones | E94: 1 | F94: 1 | G94: =VLOOKUP(E94*F94,'riesgo inherente-Anexo '!C4:D28,2,TRUE) -> Bajo | H94: Seguimiento del Revisor Fiscal. Programación y alertas automaticas en outlook | I94: Contador y Asistente de Gerencia | J94: Permanente | K94: Preventivo | L94: Alta | M94: 1 | N94: 1 | O94: =VLOOKUP((E94*F94)-(M94*N94),'riesgo inherente-Anexo '!C2:D28,2,TRUE) -> Bajo | P94: Programación anual general de compromisos legales de reporte y pago de impuestos y contribuciones | Q94: Gerencia, Asistente de Gerencia y Contador | R94: Baja | S94: Asistente de Gerencia | T94: 43800 | U94: Implementación
B95: EAP: Ejecución y Administración de Procesos | C95: 4. Demandas por responsabilidad Civil | D95: Error en la aplicación de los procesos de los servicios de los asociados | E95: 1 | F95: 1 | G95: =VLOOKUP(E95*F95,'riesgo inherente-Anexo '!C4:D28,2,TRUE) -> Bajo | H95: Manual de procesos y procedimientos; Sistema de PQRS en la página y físico; Polizas Directivos, REvisión jurídica de documentos de servicios y titulos valores | I95: Junta de Vigilancia (Control Social) | J95: Permanente | K95: Preventivo | L95: Alta | M95: 1 | N95: 1 | O95: =VLOOKUP((E95*F95)-(M95*N95),'riesgo inherente-Anexo '!C2:D28,2,TRUE) -> Bajo | P95: No se requiere | Q95: Gerencia | R95: Baja | S95: Asistente de Gerencia | T95: 43800 | U95: Implementación
B96: FE: Fraudes Externos | C96: 5. Robo o Asalto a mano armada | D96: Falta de seguridad física y vigilancia de las instalaciones, descuido de las personas | E96: 1 | F96: 1 | G96: =VLOOKUP(E96*F96,'riesgo inherente-Anexo '!C4:D28,2,TRUE) -> Bajo | H96: 16 cámaras al interior de la oficina / Servicaja con Vidrio de Seguridad y reja / Limite a la cantidad de efectivo en Caja / Apertura programada de Boveda / Clave dual Bóveda / Botones de Pánico | I96: Asistente de Gerencia | J96: Permanente | K96: Preventivo | L96: Alta | M96: 1 | N96: 1 | O96: =VLOOKUP((E96*F96)-(M96*N96),'riesgo inherente-Anexo '!C2:D28,2,TRUE) -> Bajo | P96: No se requiere | Q96: Asistente de Gerencia | R96: Baja | S96: Asistente de Gerencia | T96: 43800 | U96: Implementación
B97: FE: Fraudes Externos | C97: 6. Robo sin violencia | D97: Falta de seguridad física y vigilancia de las instalaciones, descuido de las personas | E97: 1 | F97: 1 | G97: =VLOOKUP(E97*F97,'riesgo inherente-Anexo '!C4:D28,2,TRUE) -> Bajo | H97: Apertura y Cierre programado de oficinas / Alarma con sensor de movimiento e impacto / Cámaras / Arqueros diarios | I97: Asistente de Gerencia | J97: Permanente | K97: Preventivo | L97: Alta | M97: 1 | N97: 1 | O97: =VLOOKUP((E97*F97)-(M97*N97),'riesgo inherente-Anexo '!C2:D28,2,TRUE) -> Bajo | P97: No se requiere | Q97: Asistente de Gerencia | R97: Baja | S97: Asistente de Gerencia | T97: 43800 | U97: Implementación
B98: FT: Fallas Tecnológicas | C98: 7. Fallas en el suministro electrico. | D98: Fallas del proveedor / atentado terrorista / Eventos naturales | E98: 1 | F98: 1 | G98: =VLOOKUP(E98*F98,'riesgo inherente-Anexo '!C4:D28,2,TRUE) -> Bajo | H98: Se cuenta con UPS que soporta 4 horas de servicio. | I98: Asistente de Gerencia | J98: Permanente | K98: Preventivo | L98: Alta | M98: 1 | N98: 1 | O98: =VLOOKUP((E98*F98)-(M98*N98),'riesgo inherente-Anexo '!C2:D28,2,TRUE) -> Bajo | P98: No se requiere | Q98: Asistente de Gerencia | R98: Baja | S98: Asistente de Gerencia | T98: 43800 | U98: Implementación
B99: DAF: Daños Activos Físicos | C99: 8. Fallas en el suministro de Agua. | D99: Fallas del proveedor / atentado terrorista / Eventos naturales | E99: 1 | F99: 1 | G99: =VLOOKUP(E99*F99,'riesgo inherente-Anexo '!C4:D28,2,TRUE) -> Bajo | H99: Se cuenta con tanque de almacenamiento de Agua 1000 LT | I99: Asistente de Gerencia | J99: Permanente | K99: Preventivo | L99: Alta | M99: 1 | N99: 1 | O99: =VLOOKUP((E99*F99)-(M99*N99),'riesgo inherente-Anexo '!C2:D28,2,TRUE) -> Bajo | P99: No se requiere | Q99: Asistente de Gerencia | R99: Baja | S99: Asistente de Gerencia | T99: 43800 | U99: Implementación
B100: FT: Fallas Tecnológicas | C100: 9. Fallas en el servicio de DATOS y comunicaciones | D100: Caida del servicio de internet o Teléfono por problemas del proveedor / fallo en la red local | E100: 1 | F100: 1 | G100: =VLOOKUP(E100*F100,'riesgo inherente-Anexo '!C4:D28,2,TRUE) -> Bajo | H100: Se cuenta con canal principal en fibra optica y un canal alterno de banda ancha con dos empresas diferentes. Mantenimiento preventivo y periodico de la RED / proveedor de mantenimiento local de rápida respuesta / personal interno capacitado en redes | I100: Asistente de Gerencia | J100: Permanente | K100: Preventivo | L100: Alta | M100: 1 | N100: 1 | O100: =VLOOKUP((E100*F100)-(M100*N100),'riesgo inherente-Anexo '!C2:D28,2,TRUE) -> Bajo | P100: No se requiere | Q100: Asistente de Gerencia | R100: Baja | S100: Asistente de Gerencia | T100: 43800 | U100: Implementación
...

Sheet riesgo inherente-Anexo 
A1: Proabilidad | B1: Severidad | C1: SCORE | D1: Riesgo Inherente | F1: Riesgo Inherente | G1: Frecuencia Control | H1: Tipo de Control | I1: Efectividad | J1: Estado Implementación
A2: 0 | B2: 0 | C2: -999 | D2: Bajo | F2: Bajo | G2: Permanente | H2: Detectivo | I2: Alta | J2: Planeación
A3: 0 | B3: 1 | C3: 0 | D3: Bajo | F3: Moderado | G3: Periódico | H3: Preventivo | I3: Media | J3: Diseño
A4: 1 | B4: 1 | C4: =+A4*B4 -> 1 | D4: Bajo | F4: Alto | G4: Esporádico | I4: Baja | J4: Pruebas
A5: 1 | B5: 2 | C5: =+A5*B5 -> 2 | D5: Bajo | F5: Crítico | G5: Anual | J5: Implementación
A6: 2 | B6: 1 | C6: =+A6*B6 -> 2 | D6: Bajo | G6: Unica | J6: Funcionamiento
A7: 1 | B7: 3 | C7: =+A7*B7 -> 3 | D7: Bajo
A8: 3 | B8: 1 | C8: =+A8*B8 -> 3 | D8: Bajo
A9: 1 | B9: 4 | C9: =+A9*B9 -> 4 | D9: Moderado
A10: 2 | B10: 2 | C10: =+A10*B10 -> 4 | D10: Moderado
A11: 4 | B11: 1 | C11: =+A11*B11 -> 4 | D11: Moderado
A12: 1 | B12: 5 | C12: =+A12*B12 -> 5 | D12: Moderado
A13: 5 | B13: 1 | C13: =+A13*B13 -> 5 | D13: Moderado
A14: 2 | B14: 3 | C14: =+A14*B14 -> 6 | D14: Moderado
A15: 3 | B15: 2 | C15: =+A15*B15 -> 6 | D15: Moderado
A16: 2 | B16: 4 | C16: =+A16*B16 -> 8 | D16: Moderado
A17: 4 | B17: 2 | C17: =+A17*B17 -> 8 | D17: Moderado
A18: 3 | B18: 3 | C18: =+A18*B18 -> 9 | D18: Alto
... A28: 5 | B28: 5 | C28: =+A28*B28 -> 25 | D28: Crítico

Sheet Codificacion
A1: Factores de Riesgo | B1: Cod | C1: Categorías de Riesgos | D1: Cod | E1: Macroprocesos
A2: Recurso Humano | B2: RH | C2: Fraude Interno | D2: FI | E2: Gestion Gerencial
A3: Procesos | B3: P | C3: Fraude Externo | D3: FE | E3: Vinculación
A4: Tecnología | B4: T | C4: Relaciones Laborales | D4: RL | E4: Crédito
A5: Infraestructura | B5: I | C5: Clientes | D5: C | E5: Ahorro
A6: Externos | B6: E | C6: Daños a Activos Físicos | D6: DAF | E6: Solidaridad
C7: Fallas Tecnologicas | D7: FT | E7: Bienestar Social
C8: Ejecución y Administración de Procesos | D8: EAP | E8: Talento Humano
E9: Contabilidad y Gestion Administrativa
B11: PROBABILIDAD | E11: IMPACTO | F11: SMLMV
A12: 1 | B12: 1. Improbable | E12: 1. Insignificante | F12: Hasta 10
A13: 2 | B13: 2. Raro | E13: 2. Menor | F13: >10-30
A14: 3 | B14: 3. Potencia | E14: 3. Moderado | F14: >30-100
A15: 4 | B15: 4. Probable | E15: 4. Mayor | F15: >100-300
A16: 5 | B16: 5. Casi Certeza | E16: 5. Catastrófico | F16: >300

Sheet Registro Eventos
A1: I. Referencia | B1: RO 1 | C1: RO2 | D1: R03 | G1: I. Referencia
A2: II. Fecha de inicio del evento | G2: II. Fecha de inicio del evento
A3: III. Fecha de finalización del evento | G3: III. Fecha de finalización del evento
A4: IV. Fecha del descubrimiento | G4: IV. Fecha del descubrimiento
A5: V. Fecha de contabilización | G5: V. Fecha de contabilización
A6: VI. Divisa | G6: VI. Divisa
A7: VII. Cuantía | G7: VII. Cuantía
A8: VIII. Cuantía total recuperada (incluido seguros) | G8: VIII. Cuantía total recuperada (incluido seguros)
A9: IX. Cuantía recuperada por seguros | G9: IX. Cuantía recuperada por seguros
A10: X. Clase de evento | G10: X. Clase de evento
A11: XI. Producto/servicio afectado | G11: XI. Producto/servicio afectado
A12: XII. Cuentas Contables Afectadas | G12: XII. Cuentas Contables Afectadas
A13: XIII. Proceso | G13: XIII. Proceso
... A15: XV. Descripción del evento | G15: XV. Descripción del evento

Sheet Plan de Continuidad
A1: EVENTO | B1: DESCRIPCION ESTADO ACTUAL | C1: ACTIVIDADES A REALIZAR PARA RECUPERAR EL SERVICIO | D1: RESPONSABLE DE EJECUTAR EL PLAN | E1: TAREAS PENDIENTE DE REALIZAR | F1: TIEMPO DE RECUPERACIÓN | G1: MEJORAS AL SERVICIO
A2: INTERNET | B2: El canal principal es en FIBRA OPTICA y se tiene un canal para contigencias de BANDA ANCHA con otra empresa diferente. | C2: En caso de que se caiga la conexión por FIBRA OPTICA, se conecta automáticamente el CANAL de BANDA ANCHA. | D2: Automático. Asistente de Gerencia | E2: Ninguna | F2: Inmediato | G2: Ninguna
A3: SWICHT | B3: COOTRAUNION cuenta con dos equipos para esta función y un equipo de respaldo en caso de falla | C3: Si falla un equipo, se procede a la instalación inmediata del respaldo. El tiempo aproximado del reemplazo es 10 minutos. | D3: Asistente de Gerencia y Gerente. Ambos técnicos en sistemas y redes | E3: Ninguna | F3: 10 minutos | G3: Ninguna
A4: ENERGIA | B4: Se cuenta con UPS | C4: La UPS soporta hasta 2 horas de funcionamiento sin energía | D4: Automático. Asistente de Gerencia | E4: Ninguna | F4: AUTOMATICO
A5: DESTRUCCION DE LAS OFICINAS (incendio, terremoto, terrorismo, asonada) | B5: La oficina es propia, localizada en el Municipio de la UNION (Valle) a una cuadra del parque principal. El municipio es de bajo riesgo en orden público, sísmico y de inundaciones y cuenta con alarmas contra incendio. COOTRAUNION es miembro de la red COOPCENTRAL lo que significa que los asociados pueden hacer sus transacciones en cualquiera de las casi 500 oficinas que forman parte de la RED | C5: FASE I: el Gerente con uno o dos empleados más puede conectarse con sus equipos portátiles a la RED para efectuar pagos y transferencias (retiros de ahorros o desembolsos). Aquellos que no tengan cuenta bancaria se les podrá girar cheque. FASE II: Arrendar LOCAL COMERCIAL y efectuar las adecuaciones físicas necesarias para los puestos de trabajo prioritarios de servicio CAJAS, la red (contratista usual) y los equipos (se compran). La información está en la "NUBE". Se requiere hacer publicidad para informar del evento y nuevo lugar de trabajo. | D5: Gerencia y Asitente de Gerencia | E5: Lograr que la mayoria de los asociados cuente con Tarjeta Débito para disponer de sus recursos a través de la red de cajeros automáticos o pago directo | F5: FASE I: 2 horas / FASE II: 48 horas. En caso de terremoto, la Fase I podría tardarse 48 horas y la Fase II una semana. | G5: Implementar CORRSPONSALES BANCARIOS e informar a todos los asociados las entidades que integral la RED Coopcentral
A6: FALLO DE EQUIPOS por daño físico | B6: Los equipos son propios (computadores, impresoras, telefonos) y tienen plan de mantenimiento, seguros. Se reponen por obsolescencia o daño. Se tiene sistema a tierra para evitar quema masiva por rayo | C6: Se cuenta con dos equipos portátiles de contingencia para atender daños imprevistos. | D6: Asistente de Gerencia y Gerente. Ambos técnicos en sistemas y redes | E6: Ninguna | F6: Inmediato | G6: Ninguna
A7: TELEFONO | B7: Se cuenta con 4 lineas FIJAS y 4 Celulares | C7: La lineas FIJAS son con la unica empresa que opera en el Municipio y las celulares con CLARO en caso de falla de las fijas se recurre a los telefonos celulares CLARO corporativos y los personales. En caso de que los celulares corporativos fallen, se tendría que comprar o habilitar un servicio con otro proveedor en los telefonos celulares personales | D7: Asistente de Gerencia | E7: Ninguna | F7: Inmediato | G7: Ninguna
A8: DATOS DE USUARIO y APLICATIVO | B8: La información de cada usuario se almacena en su equipos de computo y este a su vez se le efectúa backup en el SERVIDOR DE DOMINIO. La información informacion del aplicativo está en la NUBE en Datacenter replicado en otros 2 servidores, uno fuera del país. Se cuenta con seguridad contra ataques informáticos y captura de información por sofware malicioso | C8: Solicitar al Asistente de Gerencia el descargue de la información requerida del Backup. | D8: Asistente de Gerencia | E8: Automatizar backup de archivos de trabajo de usuarios en la NUBE o dispositivo fuera de las instalaciones de la Cooperativa | F8: 5 minutos | G8: Manejar toda la información laboral en una sola carpeta, que no este en mis documentos o el escritorio, ubicaciones mas vulnerables a perdida de información.
A9: PERSONAL CLAVE DE LA GERENCIA | B9: El gerente y asistente de Gerencia tienen firmas registradas en Bancos y la Secretaria de Gerencia es Representante Legal Suplente | C9: En caso de ausencia por cualquier motivo del personal CLAVE de la GERENCIA existen personas con firmas y atribuciones que permiten que la Cooperativa continue operando bajo condiciones normales. En caso de ausencia del Contador la Cooperativa no se paraliza y el Gerente está en capacidad de reemplazarlo temporalmente. | D9: Gerencia y Asitente de Gerencia | E9: Ninguna | F9: Inmediato | G9: Ninguna
B13: ELABORO | C13: APROBO
B17: FIRMA Y NOMBRE | C17: FIRMA Y NOMBRE
